Workbook
Name _ftn1: '780-2126'!$B$1268
Name _ftn2: '780-2126'!$B$1269
Name _Hlk40426130: '780-2126'!$D$1001

Sheet 1-733
C2: SISTEMA INTEGRADO DE GESTIÓN | F2: Código: GCOP-F-006
C3: PROCESO | D3: GESTIÓN DE LA CONTRATACIÓN PÚBLICA | F3: Versión: 002
C4: FORMATO | D4: MATRIZ RESPUESTA A OBSERVACIONES | F4: Fecha: 06/05/2020
A8: RESPUESTA A OBSERVACIONES
B10: LICITACIÓN PÚBLICA No. VJ-VE-APP-IPB-001-2020
A11: En Bogotá D.C., a los cuatro días del mes de septiembre de 2020, la Agencia Nacional de Infraestructura, por medio del presente documento se permite dar respuesta a la observación allegada hasta la fecha, al VJ-VE-APP-IPB-001-2020 del proceso de selección de la referencia, en los siguientes términos:
B12: Se da respuesta a las observaciones allegadas al proyecto de pliego de condiciones del proceso de selección. Las modificaciones realizadas al pliego de condiciones y demás anexos y apéndices serán las contenidas en los documentos indicados, las cuales prevalecen sobre las respuestas a las observaciones.
A15: No. | B15: EMPRESA O PERSONA | C15: OBSERVACIÓN REALIZADA | F15: DOCUMENTO O SECCIÓN QUE SE OBSERVA | G15: TIPO DE OBSERVACIÓN (TÉCNICA, JURÍDICA, FINANCIERA, ETC.) | H15: RESPUESTA DE LA ENTIDAD
B16: QUE OBSERVA
A17: 1. | B17: LEONARDO ARÉVALO CRUZ, PAVIMENTOS COLOMBIA S.A.S. | C17: 1. En el Documento de proyecto al pliego de condiciones numeral 1.7 Cuarto de Información de Referencia la Entidad especifica que los interesados podrán revisar la información de Referencia de manera virtual en el enlace que aparece en este numeral, sin embargo una vez revisado el link, este no tiene acceso y aparece el siguiente mensaje de error: | F17: Numeral 1.7 del Proyecto de Pliego de Condiciones | G17: =+VLOOKUP(1,prueba!$D$2:$E$733,2,FALSE) -> TÉCNICA | H17: La entidad informa al interesado que en el documento “ACCESO AL CUARTO DE INFORMACIÓN DE REFERENCIA”, subido a la plataforma del SECOP I, el 07.04.2020, se encuentra el link para el sharepoint con dicha información de referencia. El link se encuentra en funcionamiento y se puede consultar la información en su totalidad. De igual manera se incluye el link del cuarto de datos a continuación: https://anionline-my.sharepoint.com/:f:/g/personal/cdatosani02_ani_gov_co/EslXe6ayJ55PiZWYrSYGc24B367_s7v1-Bp-wOEyEKefcQ?e=XWfQDi
B18: SUPERFICIES COLOMBIA S.A.S.
B20: 43928 | C20: Así las cosas, solicitamos muy comedidamente a la Entidad realizar nuevamente la verificación del link y volverlo a publicar para realizar la revisión de la información pertinente para el análisis del proyecto,
A21: 2. | B21: SOFÍA BUITRAGO DUQUE, | C21: Solicito por favor información sobre el proyecto MALLA VIAL DEL VALLE DEL CAUCA: ACCESOS CALI-PALMIRA, me gustaría saber la fecha estimada en que saldrá a licitación cada unidad funcional en especial el componente de interventoría. | F21: Información general | G21: =+VLOOKUP(2,prueba!$D$2:$E$733,2,FALSE) -> TÉCNICA | H21: Se aclara al interesado que el Proceso de Selección resultará en la Adjudicación de un (1) Contrato de Concesión que incluye todas las Unidades Funcionales señaladas, sin que exista un Proceso de Selección para cada una de ellas. Lo mismo ocurrirá para el Contrato de Interventoría. El objeto del Contrato de Concesión a adjudicar será el otorgamiento de una concesión que, bajo el esquema de Asociación Público Privada en los términos de la Ley 1508 de 2012, permita llevar a cabo la financiación, elaboración de estudios y diseños definitivos, gestión ambiental, gestión predial y, gestión social, construcción, rehabilitación, operación y mantenimiento del proyecto Nueva Malla Vial del Valle del Cauca – Corredor Accesos Cali y Palmira. Para efectos de consultar la información del proceso, se aclara que la misma se encuentra publicada en el SECOP, en la convocatoria Proceso VJ-VE-APP-IPB-001-2020. Dentro de la misma se encuentra, el documento “ACCESO AL CUARTO DE INFORMACIÓN DE REFERENCIA”. De igual manera, a continuación se incluye el link del proceso: https://www.contratos.gov.co/consultas/detalleProceso.do?numConstancia=20-19-10660579 Adicionalmente, se informa al interesado que la Entidad actualmente se encuentra estructurando el proceso de interventoría el cual será publicado próximamente con el fin de que su adjudicación permita la participación del interventor en la ejecución de Contrato de Concesión.
B22: INTEGRAL INGENIEROS CONSULTORES | C22: Unidad Funcional Cero: (UF) estará encargada de la operación y mantenimiento de 310 km de vía.
B23: 43934 | C23: Unidad Funcional 1: Estará a cargo de la puesta a punto y mantenimiento de los corredores existentes del sector norte, además de rehabilitación y mejoramiento del Paso Nacional por Palmira, intersección Versalles y de la intersección Parque del Azúcar. En total serán 151 Km.
C24: Unidad Funcional 2: Contempla la intervención de 111 km, tendrá a su cargo, la conexión del Cauca y el Valle del Cauca, pues tendrá la puesta a punto y mantenimiento de los corredores existentes del sector sur comprendidos entre Santander de Quilichao y la intersección Ingenio Providencia en Palmira.
C25: La tercera UF: Contempla la construcción y mantenimiento periódico de una calzada sencilla con compra de predios para doble calzada de la Avenida Bicentenario. Así mismo, construcción y mantenimiento de la intersección a desnivel del corredor con la vía Ye de Villa Rica - Jamundí así como la intersección con el corredor Cali - Puerto Tejada. Serán 15,6 km.
C26: La cuarta UF: Contempla la construcción de segunda calzada adosada en el corredor Intersección Av. Bicentenario hasta Ye de Villarrica, así como la puesta a punto del tramo Jamundí – Ye de Villarrica. Serán 15.4 km.
C27: La quinta UF Contempla la construcción del intercambiador Sameco, la puesta a punto del tramo Intercambiador Sameco – Glorieta Cencar, la construcción de segunda calzada adosada en el tramo Glorieta Cencar – Glorieta las Américas y la rehabilitación del tramo Glorieta las Américas – Paso Nivel en Yumbo. Serán 12 km.
C28: Se estima que la duración de las obras sea de cinco años y medio, incluido un año de preconstrucción. La concesión será por un periodo de 29 años.
A30: 3. | B30: RICHARD HOEFLINGER, STRABAG S.A.S. | C30: RICHARD HOEFLINGER, identificado como aparece al pie de mi firma, en representación de STRABAG S.A.S. por medio del presente escrito solicito respetuosamente se aplace la fecha para realizar observaciones al Proyecto de Pliego de Condiciones de la Licitación de la referencia. | F30: Numeral 2.3 del Pliego de Condiciones | G30: =+VLOOKUP(3,prueba!$D$2:$E$733,2,FALSE) -> JURÍDICA - CONTRATACIÓN | H30: De acuerdo con las observaciones presentadas por los Interesados y con el fin de otorgar plazo prudencial para la revisión de los Documentos del Proceso de Contratación, se modificó el cronograma a través de los Avisos Modificatorios publicados en el SECOP
B31: 43935 | F31: Cronograma del Proceso
C32: Formulo la presente solicitud teniendo en consideración que los documentos de la Licitación fueron publicados al final del día del 6 de abril de 2020 a las 6:46pm y el plazo previsto en el Proyecto de Pliego de Condiciones para formular preguntas es el próximo 22 abril de 2020. Nótese que entre una y otra fecha tan solo hay 10 días hábiles, lo no corresponde a un tiempo razonable para que los interesados puedan revisar los extensos y complejos documentos de la Licitación, más aun teniendo en cuenta que la ANI ha señalado un nuevo modelo de contrato de concesión para el Proyecto.
C34: Adicionalmente, las circunstancias actuales relacionadas con el COVID-19 en el país hacen que los actores del mercado en infraestructura se encuentren enfocados en solucionar las complejas problemáticas en los proyectos en los que participan y por lo tanto un plazo tan extremadamente corto para formular observaciones afecta directamente la posibilidad de revisar en detalle los documentos de la Licitación y por lo tanto la eventual participación y pluralidad de oferentes en la misma.
C36: Finalmente, la ANI debe considerar que por el momento no es posible realizar visitas de campo, lo cual limita ampliamente la posibilidad de formular observaciones a los documentos de la Licitación.
C38: En estos términos solicitamos respetuosamente que se amplié el plazo como mínimo hasta el 11 de mayo de 2020 para formular observaciones al Proyecto de Pliego de Condiciones y demás documentos de la Licitación.
A39: 4. | B39: VIVIAN LEIGHTON, COWI A/S | C39: Quisiera saber si me podrían orientar en la licitación que se lazó el pasado 7 de Abril con respecto a la primera parte de las autopistas 5G y qué contempla.Hay algún puente o vías elevadas en dicha licitación. Cuál es su descripción? Dónde puedo encontrar los documentos de precalificación y cuál es la fecha límite para las propuestas? | F39: Información General | G39: =+VLOOKUP(4,prueba!$D$2:$E$733,2,FALSE) -> TÉCNICA – JURÍDICA ESTRUCTURACIÓN | H39: La entidad informa al interesado que: • La descripción de las Obras a realizar se encuentra en el Cuarto de Datos. De acuerdo con lo señalado en el Pliego, dicha información sólo es de referencia, teniendo en cuenta que corresponderá al Concesionario adelantar los estudios y diseños necesarios para la ejecución • Se aclara al interesado que en el presente Proceso de Selección no existe una etapa de precalificación, por tanto, los requisitos habilitantes y de calificación deberán acreditarse con la presentación de la Oferta en los términos de los Capítulos IV y V del pliego de condiciones. También se aclara al interesado que la fecha límite para la presentación se encuentra prevista en el numeral 2.3. del pliego de condiciones.
B40: 43936
A42: 5. | B42: JAIRO GIL MONTERO, | C42: Somos una organización que nos dedicamos a la fabricación, comercialización y mantenimiento de basculas para camiones. Tenemos más de 20 años de experiencia, estamos certificados y contamos con reconocimiento nacional, principalmente en el sector portuario y carbonero. | F42: Información General | G42: =+VLOOKUP(5,prueba!$D$2:$E$733,2,FALSE) -> TÉCNICA – JURÍDICA ESTRUCTURACIÓN | H42: La Entidad informa al interesado que las condiciones y reglas de participación en el Proceso de Selección se encuentran publicados en el SECOP, en la convocatoria Proceso VJ-VE-APP-IPB-001-2020. Así mismo, la Entidad aclara que corresponde a cada interesado evaluar la forma y estructura de participación en el Proceso de Selección de acuerdo con las condiciones establecidas en el Pliego de Condiciones.
B43: BASCOSTA | C43: Es nuestro interés poder vincularnos al suministro de estos equipos en los proyectos 5G.
B44: 43937 | C44: Quisiéramos saber cómo podemos participar?
C45: Si debemos hacerlo por medio de un proponente, como podemos saber cuáles son las empresas que están participando?
C46: Valoramos mucho la atención y tiempo dedicado a darle respuesta a esta misiva.
A47: 6. | B47: SUSANA SANTAMARIA, | C47: Me dirijo a ustedes en referencia a la información facilitada en el cuarto de datos del Proceso VJ-VE-APP-IPB-001-2020. Según el Estudio de Tráfico (Doc. 0AI) facilitado, se llevó a cabo una extensa campaña de trabajo de campo de Aforos Vehiculares, Encuestas Origen-Destino, Encuestas de Preferencia Declarada, Estudios de Velocidades y Tiempos de Recorrido. | F47: Estudio de tráfico | G47: =+VLOOKUP(6,prueba!$D$2:$E$733,2,FALSE) -> TÉCNICA | H47: La entidad informa al interesado que en la carpeta 0AI2 del cuarto de datos se encuentran los anexos del estudio de tráfico realizado. En la carpeta CII4123 se encuentra el Estudio de Tráfico y Demanda que reúne los resultados de los Aforos Vehiculares (Sección 1.2.3), Encuestas de Origen Destino (Sección 1.2.2), Encuestas de Preferencia Declarada (Sección 1.2.6), Estudios de Velocidades y Tiempos Recorridos (Sección 1.2.4). Esta información estará disponible a título meramente informativo acorde con las condiciones de la Sección 1.7 Cuarto de Información de Referencia del Pliego de Condiciones.
B48: DIADRO CONSULTING ESPAÑA | C48: Dada la situación actual, me preguntaba si van a proporcionar estos datos. Con un formato de manera que puedan ser utilizados para desarrollar un modelo de redes.
B49: 43938
A50: 7. | B50: RICHARD HOEFLINGER, STRABAG S.A.S. | C50: RICHARD HOEFLINGER, identificado como aparece al pie de mi firma, en representación de STRABAG S.A.S. por medio del presente escrito reitero respetuosamente nuestra solicitud elevada el pasado 14 de abril en la que se solicitó el aplazamiento de la fecha para realizar observaciones al Proyecto de Pliego de Condiciones de la Licitación de la referencia. | F50: Numeral 2.3 del Pliego de Condiciones | G50: =+VLOOKUP(7,prueba!$D$2:$E$733,2,FALSE) -> JURÍDICA - CONTRATACIÓN | H50: De acuerdo con las observaciones presentadas por los Interesados y con el fin de otorgar plazo prudencial para la revisión de los Documentos del Proceso de Contratación, se modificó el cronograma a través de los Avisos Modificatorios publicados en el SECOP
B51: 43942 | C51: Como es de público conocimiento el día de ayer 20 de abril de 2020, el Gobierno Nacional anunció que las medidas del aislamiento preventivo obligatorio se extenderán hasta el 11 de mayo, lo cual hace imposible estudiar adecuadamente los documentos de la Licitación, mucho menos hacer visitas o inspecciones al proyecto objeto de la Licitación y de hecho, hace imposible que se lleve a cabo la audiencia de aclaraciones al pliego de condiciones y audiencia de riesgos prevista precisamente para el 11 de mayo de acuerdo con el cronograma previsto en el numeral 2.2. del Proyecto de Pliego de Condiciones de la Licitación. | F51: Cronograma del Proceso
C52: En este sentido, solicitamos respetuosamente que se amplié el plazo para formular observaciones al Proyecto de Pliego de Condiciones y demás documentos de la Licitación y que en consecuencia se aplacen todas las actividades subsecuentes previstas en el numeral 2.2. del proyecto de pliego de condiciones de la Licitación como mínimo en 1 mes calendario.
C53: Destacamos que la ANI el día de ayer modificó, por ejemplo, la Invitación a Precalificar No VJ-VE-IP-001-2019 cuyo objeto es la adjudicación de un contrato relativo al Rio Magdalena, ajustando el cronograma de la misma en más de seis semanas en muchas de las actividades de dicho proceso de selección. En este mismo sentido solicitamos que la ANI proceda frente a la Licitación.
C54: Finalmente reiteramos que los documentos de la Licitación fueron publicados al final del día del 6 de abril de 2020 a las 6:46pm y el plazo previsto en el Proyecto de Pliego de Condiciones para formular preguntas vence mañana 22 abril de 2020. Nótese que entre una y otra fecha tan solo hay 10 días hábiles, lo no corresponde a un tiempo razonable para que los interesados puedan revisar los extensos y complejos documentos de la Licitación (más de 1000 páginas de documentos), con mayor razón si se tiene en cuenta que la ANI ha señalado un nuevo modelo de contrato de concesión.
A55: 8. | B55: EFREN ANGELINO SANDOVAL MORA, GRODCO | C55: De la manera más atenta y teniendo en cuenta en Colombia dentro del área de la construcción son muy pocas las empresas que tienen un Patrimonio neto mayor a 200 mil millones de pesos, con el fin de aumentar la participación de empresas nacionales, solicitamos a la ANI se reduzca el patrimonio neto requerido en el numeral 4.3.4 -d -i, del valor solicitado de 232.600.000.000 a 175.000.000.000, es decir, se aplique una reducción del 25%. | F55: Numeral 4.3.4 del Pliego de Condiciones | G55: =+VLOOKUP(8,prueba!$D$2:$E$733,2,FALSE) -> FINANCIERA | H55: La entidad aclara al interesado que el monto de patrimonio neto solicitado está en línea con la envergadura de ejecución del proyecto, obedece a una línea estándar utilizada por la Entidad desde el programa de 4G.
B56: 43943 | C56: Esta reducción que no afecta la seguridad financiera del proyecto, la cual está también respaldada en un cupo de crédito considerable y las pólizas, además de que sobre el patrimonio total, de 581.400.000.000 no se solicita cambio alguno y por ende no se impacta de ninguna manera el riesgo del proyecto pero sí se permite una mayor participación de empresas nacionales.
A57: 9. | B57: ARTURO ALEJANDRO PACHECO, | C57: Debido a la situación de la pandemia COVID - 19, se solicita que la audiencia de aclaracion de pliegos y riesgos sea transmitida por webinar - considerando las restricciones de viajes para las empresas que estan en otros paises | F57: Proyecto Pliego de Condiciones / 2.3Cronograma de Licitación Pública | G57: =+VLOOKUP(9,prueba!$D$2:$E$733,2,FALSE) -> JURÍDICA – CONTRATACIÓN | H57: De acuerdo con lo establecido por el artículo 1 del Decreto 537 de 2020, las audiencias públicas que deban desarrollarse en procesos de selección podrán adelantarse a través de medios electrónicos durante el tiempo que dure la Emergencia Sanitaria decretada por el Ministerio de Salud y Protección Social, garantizando el acceso a los proponentes, entes de control y cualquier ciudadano interesado. Teniendo en cuenta lo anterior, y en la medida en que la Emergencia Sanitaria continúe con posterioridad al 30 de mayo del año en curso y/o se mantengan las restricciones de aglomeraciones decretadas por el Gobierno Nacional, la audiencia podrá realizarse a través de medios electrónicos. En todo caso, aun cuando la referida audiencia se lleve a cabo de forma presencial, con el fin de permitir el acceso a personas que puedan verse limitadas para participar de forma directa, se informa al interesado que la audiencia será transmitida a través de un webinar cuyos datos de acceso serán publicados con la debida antelación.
B58: GRAÑA Y MONTERO S.A.A.
B59: 43943
A60: 10. | B60: ARTURO ALEJANDRO PACHECO, | C60: Debido a la situación de la pandemia COVID - 19, se solicita una ampliación de plazo de todo el cronograma, teniendo en cuenta que visitas a la zona no se podran hacer en los proximos 2 meses y elaborar una oferta sin conocer la zona es dificil. | F60: Proyecto Pliego de Condiciones / 2.3Cronograma de Licitación Pública | G60: =+VLOOKUP(10,prueba!$D$2:$E$733,2,FALSE) -> JURÍDICA – CONTRATACIÓN | H60: De acuerdo con las observaciones presentadas por los Interesados y con el fin de otorgar plazo prudencial para la revisión de los Documentos del Proceso de Contratación, se modificó el cronograma a través de los Avisos Modificatorios publicados en el SECOP
B61: GRAÑA Y MONTERO S.A.A.
B62: 43943
A63: 11. | B63: ARTURO ALEJANDRO PACHECO, | C63: Respecto al cálculo de retribución, se solicita ampliar la explicación del alcance de la Explotación comercial | F63: Contrato Parte Especial / 4.3 Cálculo de la retribución | G63: =+VLOOKUP(11,prueba!$D$2:$E$733,2,FALSE) -> FINANCIERA | H63: Los Ingresos por Explotación Comercial son un término definido en la Minuta Parte General, en la Sección 1.94, a su vez los servicios adicionales estàn definidos en la Sección 1,163.
B64: GRAÑA Y MONTERO S.A.A.
B65: 43943
A66: 12. | B66: ARTURO ALEJANDRO PACHECO, | C66: Se consulta si una paralización futura por COVID - 19 se considerará como Fuerza Mayor | F66: Contrato Parte General / 1.79 Fuerza Mayor | G66: =+VLOOKUP(12,prueba!$D$2:$E$733,2,FALSE) -> JURÍDICA Y FINANCIERO | H66: La ocurrencia de un evento como el COVID 19 resulta imprevisible e irresistible, en la medida en que tal y como lo señala el Consejo de Estado: “imprevisible es aquello que, pese a que pueda haber sido imaginado con anticipación, resulta súbito o repentino o aquello que, no obstante la diligencia y cuidado que se tuvo para evitarlo, de todas maneras acaeció, con independencia de que hubiese sido mentalmente figurado, o no, previamente a su ocurrencia" e irresistible, “como elemento de la causa extraña, consiste en la imposibilidad del obligado a determinado comportamiento o actividad para desplegarlo o para llevarla a cabo", por lo tanto se indica al interesado que un evento de estas características es considerado como una Fuerza Mayor para efectos del Contrato de Concesión. Adicionalmente se precisa al interesado que, la Minuta del Contrato contendrá un mecanismo que antenderá los efectos generados por la ocurrencia de una situación como la del COVID 19, especificamente aquel relacionado con la disminución en el flujo de ingresos del Proyecto, siempre y cuando tal disminución se de con ocurrencia de un evento o serie de eventos relacionados directamente con la declaratoria de un estado constitucional de excepción y/o por un estado de emergencia, por decisión de una Autoridad Estatal del orden nacional, que restrinja la movilidad y/o libre circulación, tales como órdenes de confinamiento o restricciones vehiculares, que generen un impacto atípico, significativo y directo en el tráfico de alguno de los corredores del Proyecto, causando un menor Recaudo de Peaje, exclusivamente durante el periodo en el que se haya materializado dicho evento.
B67: GRAÑA Y MONTERO S.A.A.
B68: 43943
A69: 13. | B69: ARTURO ALEJANDRO PACHECO, | C69: Se consulta si existiera alguna paralización social futura como caso COVID19, si hay alguna garantia al concesionario para tener ingresos dado que no habria mayor recaudo. | F69: Anexo 22 Matriz de Riesgos / Comercial | G69: =+VLOOKUP(13,prueba!$D$2:$E$733,2,FALSE) -> JURÍDICA Y FINANCIERO | H69: La ocurrencia de un evento como el COVID 19 resulta imprevisible e irresistible, en la medida en que tal y como lo señala el Consejo de Estado: “imprevisible es aquello que, pese a que pueda haber sido imaginado con anticipación, resulta súbito o repentino o aquello que, no obstante la diligencia y cuidado que se tuvo para evitarlo, de todas maneras acaeció, con independencia de que hubiese sido mentalmente figurado, o no, previamente a su ocurrencia" e irresistible, “como elemento de la causa extraña, consiste en la imposibilidad del obligado a determinado comportamiento o actividad para desplegarlo o para llevarla a cabo", por lo tanto se indica al interesado que un evento de estas características es considerado como una Fuerza Mayor para efectos del Contrato de Concesión. Adicionalmente se precisa al interesado que, la Minuta del Contrato contendrá un mecanismo que antenderá los efectos generados por la ocurrencia de una situación como la del COVID 19, especificamente aquel relacionado con la disminución en el flujo de ingresos del Proyecto, siempre y cuando tal disminución se de con ocurrencia de un evento o serie de eventos relacionados directamente con la declaratoria de un estado constitucional de excepción y/o por un estado de emergencia, por decisión de una Autoridad Estatal del orden nacional, que restrinja la movilidad y/o libre circulación, tales como órdenes de confinamiento o restricciones vehiculares, que generen un impacto atípico, significativo y directo en el tráfico de alguno de los corredores del Proyecto, causando un menor Recaudo de Peaje, exclusivamente durante el periodo en el que se haya materializado dicho evento.
B70: GRAÑA Y MONTERO S.A.A.
B71: 43943
A72: 14. | B72: ARTURO ALEJANDRO PACHECO, | C72: Se solicita explicar de manera más detallada como se fijará la estructura tarifaría en la mencionada Resolución de Peajes. | F72: Contrato Parte General / 1.158 Resolución de Peaje | G72: =+VLOOKUP(14,prueba!$D$2:$E$733,2,FALSE) -> FINANCIERA | H72: Si bien no se cuenta con la Resolución de Peajes, la Sección 4.2 (b) de la Minuta Parte Especial establece que la estructura tarifaria vigente se mantendrá y será actualizada año a año con la inflación del año inmediatamente anterior en la manera que la fórmula de la Sección lo resuelve.
B73: GRAÑA Y MONTERO S.A.A. | F73: Contrato Parte Especial / 4.2 Estructura Tarifaria
B74: 43943
A75: 15. | B75: LUIS LEONARDO LEAL MURILLO, FCC CONSTRUCCIÓN, 22/04/2020 | C75: La descripción del Anexo 22 y del Anexo 23 coincide. Favor de aclarar. | F75: PROYECTO DE PLIEGO DE CONDICIONES 1.4.1 (d) (xxvi) y (xxvii) | G75: =+VLOOKUP(15,prueba!$D$2:$E$733,2,FALSE) -> JURÍDICO – CONTRATACIÓN | H75: Se aclara al interesado que se trata de anexos diferentes el Anexo 22 corresponde a la Matriz de Riesgos del Proyecto y el Anexo 23 corresponde a la Matriz de Riesgos del Proceso de Selección, este último corresponde a la Matriz propuesta por el Manual para la Identificación y Cobertura del Riesgo en los Procesos de Contratación de Colombia Compra Eficiente.
A76: 16. | B76: LUIS LEONARDO LEAL MURILLO, FCC CONSTRUCCIÓN, 22/04/2020 | C76: Solicitamos tengan la consideración de aplazar la fecha de entrega de la oferta prevista para el 6 de agosto de 2020 un mínimo de sesenta (60) días, debido a la gran cantidad de información del proyecto que se ha de revisar, analizar y elaborar para poder presentar una oferta adecuada y atendiendo a las circunstancias excepcionales en que nos encontramos fruto de la pandemia del COVID19. | F76: PROYECTO DE PLIEGO DE CONDICIONES 2.3 Cronograma de la licitación pública | G76: =+VLOOKUP(16,prueba!$D$2:$E$733,2,FALSE) -> JURÍDICA -CONTRATACIÓN | H76: De acuerdo con las observaciones presentadas por los Interesados y con el fin de otorgar plazo prudencial para la revisión de los Documentos del Proceso de Contratación, se modificó el cronograma a través de los Avisos Modificatorios publicados en el SECOP
A77: 17. | B77: LUIS LEONARDO LEAL MURILLO, FCC CONSTRUCCIÓN, 22/04/2020 | C77: Se solicita comedidamente en pro de la pluralidad de proponentes que se elimine el requisito del que trata el numeral 5.6 PUNTAJE ADICIONAL OFERENTES CON TRABAJADORES EN CONDICIÓN DE DISCAPACIDAD, esto puesto que entra en evidente contradicción con principio de reciprocidad y el trato nacional, puesto que una empresa extrajera sin operación en Colombia evidentemente no tiene como demostrar vinculación de personal en situación de discapacidad a través de certificado expedido por el Ministerio de Trabajo de Colombia | F77: PROYECTO DE PLIEGO DE CONDICIONES | G77: =+VLOOKUP(17,prueba!$D$2:$E$733,2,FALSE) -> JURÍDICA -CONTRATACIÓN | H77: Se informa al interesado que el requisito contenido en el numeral 5.6 correspondiente al “Puntaje Adicional Oferentes con Trabajadores en Condición de Discapacidad” se incluyó en cumplimiento de lo previsto por el Decreto 392 de 2018 que reglamenta los incentivos en procesos de contratación en favor de personas con discapacidad. Por su parte, se informa al interesado que, de acuerdo con concepto de Colombia Compra Eficiente, los proponentes extranjeros interesados en participar en Procesos de Contratación y obtener el puntaje adicional establecido en el Decreto 392 de 2018, deberán incluir en su nómina a personas en situación de discapacidad vinculadas laboralmente según el ordenamiento jurídico colombiano y solicitar el certificado en el Ministerio del Trabajo. En este caso, el certificado será expedido con la información allegada por el empleador al momento de la solicitud, sin que para el mismo existan mecanismos de reciprocidad en ese aspecto (CCE - Respuesta a consulta # 4201813000007574). En esta medida, se informa al interesado que no se acepta su observación, toda vez que no existe una restricción específica para los proponentes extranjeros, toda vez que los mismos podrán acreditar este requisito de acuerdo con lo establecido por la ley.
F78: 5.6 PUNTAJE ADICIONAL OFERENTES CON TRABAJADORES EN CONDICIÓN DE DISCAPACIDAD
A79: 18. | B79: LUIS LEONARDO LEAL MURILLO, FCC CONSTRUCCIÓN, 22/04/2020 | C79: El método de evaluación definido en el Pliego de Condiciones se considera demasiado complejo. Se propone una simplificación escogiendo tan solo uno de las formas de evaluación que se recogen en este apartado. | F79: PROYECTO DE PLIEGO DE CONDICIONES 8.5 Evaluación del sobre nº 2 | G79: =+VLOOKUP(18,prueba!$D$2:$E$733,2,FALSE) -> FINANCIERA | H79: Se le informa al interesado que el método de evaluación definido en el Pliego de Condiciones incluye un paso adicional cuyo objetivo es descartar ofertas artificialmente bajas de manera que el sorteo se realice sobre una muestra de ofertas competitivas y dentro del margen del mercado. Por tal razón su observación no es procedente.
A80: 19. | B80: LUIS LEONARDO LEAL MURILLO, FCC CONSTRUCCIÓN, 22/04/2020 | C80: Se considera un plazo insuficiente y se propone ampliar a 30 días hábiles | F80: PROYECTO DE PLIEGO DE CONDICIONES 9.3.1 Constitución de la SPV | G80: =+VLOOKUP(19,prueba!$D$2:$E$733,2,FALSE) -> , JURÍDICA - ESTRUCTURACIÓN | H80: Se informa al interesado que no se acoge su observación. La ANI considera que el plazo previsto para la constitución del SPV es suficiente y razonable toda vez que coincide con los plazos usualmente requeridos para adelantar este trámite.
A81: 20. | B81: LUIS LEONARDO LEAL MURILLO, FCC CONSTRUCCIÓN, 22/04/2020 | C81: Este plazo es incompatible con el fijado en el calendario de la licitación así como con el plazo fijado para la constitución de la SPV. Favor de aclarar. | F81: PROYECTO DE PLIEGO DE CONDICIONES 9.4.1 Suscripción del contrato | G81: =+VLOOKUP(20,prueba!$D$2:$E$733,2,FALSE) -> JURÍDICIO - ESTRUCTURACIÓN | H81: Se informa al interesado lo siguiente: 1. Se acepta su observación en el sentido de ajustar el plazo de suscripción del Contrato en el Cronograma de la Licitación Pública. De acuerdo con lo establecido por el numeral 9.4.1., el Contrato deberá suscribirse dentro de un plazo máximo de quince (15) Días Hábiles siguientes a la Audiencia de Adjudicación. Dicho plazo podrá ser ampliado a criterio de la ANI de acuerdo con lo establecido en el numeral 9 del artículo 30 de la Ley 80 de 1993. Teniendo en cuenta que el Cronograma contemplado en el Aviso Modificatorio No. 6 tiene como fecha de Audiencia de Adjudicación el 6 abril de 2021, el plazo máximo para la suscripción del contrato será 15 dias hábiles siguientes a la audiencia de adjudicacion 2. Se informa al interesado que no se acepta su observación de ampliar el plazo para suscribir el Contrato. La ANI considera que el plazo establecido de 15 días hábiles es suficiente y se ajusta a las necesidades del Proyecto.
C82: Se propone ampliar el plazo a 30 días hábiles.
A83: 21. | B83: LUIS LEONARDO LEAL MURILLO, FCC CONSTRUCCIÓN, 22/04/2020 | C83: Se propone incluir "por causas imputables al Oferente". | F83: PROYECTO DE PLIEGO DE CONDICIONES 9.4.2 Suscripción del contrato | G83: =+VLOOKUP(21,prueba!$D$2:$E$733,2,FALSE) -> JURÍDICO - ESTRUCTURACIÓN | H83: Se informa al interesado que la Entidad no considera necesario hacer la referida aclaración. La Adjudicación al Oferente calificado en segundo lugar sólo procederá en el evento en que el SPV no firme el Contrato por causas imputables a él mismo.
A84: 22. | B84: LUIS LEONARDO LEAL MURILLO, FCC CONSTRUCCIÓN, 22/04/2020 | C84: Modificar redacción. Revisar la definición de Beneficiario Real, porque tal y como están las sociedades matrices y/o de sus accionistas cabrían dentro de la misma, con las responsabilidades que ello implica. Ello puede afectar hasta dónde alcanza la responsabilidad del Consorcio. Se sugiere modificar redacción: "Es cualquier persona o grupo de personas que, directa o indirectamente por sí mismas o a través de interpuesta persona, por virtud de contrato, convenio o de cualquier otra manera, tenga respecto del Contrato, del Concesionario o del Patrimonio Autónomo capacidad decisoria; esto es, la facultad o el poder de votar en la elección de directivas o representantes o, de dirigir, orientar y controlar dicho voto, así como la facultad o el poder de enajenar y ordenar la enajenación o gravamen de la acción en el Concesionario o la participación en el Contrato o en el Patrimonio Autónomo. Igualmente, constituyen un mismo Beneficiario Real las sociedades matrices del Concesionario, así como sus subordinadas o subsidiarias y sus subordinadas." | F84: CONTRATO DE CONCESIÓN PARTE GENERAL 1.21 Beneficiario Real | G84: =+VLOOKUP(22,prueba!$D$2:$E$733,2,FALSE) -> JURÍDICA – ESTRUCTURACIÓN Y CONTRATACIÓN | H84: Se informa al interesado que no se acepta su observación. La definición de Beneficiario real coincide con las definiciones legales incluidas en el artículo 6.1.1.1.3 del Decreto 2555 de 2010 y el artículo 23 de la Ley 1508 de 2012. De acuerdo con la definición legal, se entiende que las matrices y subordinadas se encuentran incluidas como Beneficiario Real toda vez que cumplen con las condiciones previstas para serlo.
A85: 23. | B85: LUIS LEONARDO LEAL MURILLO, FCC CONSTRUCCIÓN, 22/04/2020 | C85: Se debe incluir una definición de Caducidad del Contrato. | F85: CONTRATO DE CONCESIÓN Capítulo 1 y Sección 17.2 (a) (i) Caducidad del Contrato | G85: =+VLOOKUP(23,prueba!$D$2:$E$733,2,FALSE) -> JURIDICA – ESTRUCTURACIÓN. | H85: No se acoge su observación consistente en la inclusión de una definición de caducidad, teniendo en cuenta la figura de la caducidad se encuentra regulada en la Ley, y tiene desarrollo en la jurisprudencia. De acuerdo con la Sección 11.1 del Contrato Parte General , si se presenta algún incumplimiento de las obligaciones a cargo del Concesionario establecidas en el Contrato, que afecte de manera grave y directa la ejecución del mismo, de manera tal que evidencie que pueda conducir a su paralización o se presentan las causales previstas en las leyes 40 de 1993, 80 de 1993, 418 de 1997 prorrogada por la Ley 1738 de 2014 , 610 de 2000 y demás normas aplicables, la ANI, por medio de acto administrativo debidamente motivado, podrá decretar la caducidad del Contrato y ordenar su liquidación en el estado en que se encuentre.
A86: 24. | B86: LUIS LEONARDO LEAL MURILLO, FCC CONSTRUCCIÓN, 22/04/2020 | C86: Se solicita incluir definición y desarrollo de la afectación del cambio de ley aplicable durante la ejecución del Contrato de Concesión. | F86: CONTRATO DE CONCESIÓN Capítulo 1 y Capítulo 19 Cambio de Ley Aplicable | G86: =+VLOOKUP(24,prueba!$D$2:$E$733,2,FALSE) -> JURÍDICA – ESTRUCTURACIÓN Y RIESGOS | H86: Se informa al interesado que, de acuerdo con lo previsto por la Sección 13.2(xxviii) los efectos favorables y/o desfavorables derivados de los cambios en la Ley Aplicable, con excepción de la cobertura dada al riesgo de Cambio Tributario y cambio en Especificaciones Técnicas, definidos en las Secciones 13.3(o) y 13.3(p), respectivamente, son un riesgo asumido por el Concesionario. Por tal motivo su observación no es procedente.
A87: 25. | B87: LUIS LEONARDO LEAL MURILLO, FCC CONSTRUCCIÓN, 22/04/2020 | C87: Se sugiere incluir expresamente los cambios de norma no solo debido a modificaciones en la ley tributaria que impongan cargas adicionales a las Especificaciones Técnicas vigentes al momento de presentar la Oferta. | F87: CONTRATO DE CONCESIÓN 1.22 y 3.16 Cambio Tributario | G87: =+VLOOKUP(25,prueba!$D$2:$E$733,2,FALSE) -> JURÍDICA – ESTRUCTURACIÓN Y RIESGOS | H87: Se informa al interesado que la definición de Cambio Tributario contempla la imposición de nuevos tributos o la eliminación o variación de los existentes, respecto de los vigentes al momento de la presentación de la Oferta, que en forma directa y en su efecto acumulado, impacte positiva o negativamente el costo de ejecución del Contrato para el Concesionario. Por su parte, los efectos favorables y/o desfavorables derivados de los cambios en la Ley Aplicable, con excepción de la cobertura dada al riesgo de Cambio Tributario y cambio en Especificaciones Técnicas, definidos en las Secciones 13.3(o) y 13.3(p), respectivamente, son un riesgo asumido por el Concesionario
A88: 26. | B88: LUIS LEONARDO LEAL MURILLO, FCC CONSTRUCCIÓN, 22/04/2020 | C88: Se debe definir quiénes integrarán el Comité Fiduciario, toda vez que es el Comité quien impartirá las instrucciones a la Fiduciaria. | F88: CONTRATO DE CONCESIÓN 1.30 Comité Fiduciario | G88: =+VLOOKUP(26,prueba!$D$2:$E$733,2,FALSE) -> FINANCIERA Y JURÍDICA – | H88: Se informa al interesado que el Comité Fiduciario es el organismo encargado de vigilar e impartir instrucciones a la Fiduciaria para el desarrollo del objeto del Patrimonio Autónomo, sus reglas de conformación y facultades estarán determinadas en el Contrato de Fiducia Mercantil. Dichas reglas serán establecidas de común acuerdo entre el Concesionario y la Fiduciaria. En todo caso, de acuerdo con lo establecido en el Contrato, la ANI asistirá a todas y cada una de las sesiones que efectúe el Comité Fiduciario con voz, pero sin voto en la toma de decisiones que allí se sometan a consideración.
A89: 27. | B89: LUIS LEONARDO LEAL MURILLO, FCC CONSTRUCCIÓN, 22/04/2020 | C89: Se solicita añadir en la definición de Fuerza Mayor la declaración de pandemias. | F89: CONTRATO DE CONCESIÓN 1.79 Fuerza Mayor | G89: =+VLOOKUP(27,prueba!$D$2:$E$733,2,FALSE) -> JURÍDICA Y RIESGOS | H89: No se acepta la solicitud del interesado, La ocurrencia de un evento como el COVID 19 resulta imprevisible e irresistible, en la medida en que tal y como lo señala el Consejo de Estado: “imprevisible es aquello que, pese a que pueda haber sido imaginado con anticipación, resulta súbito o repentino o aquello que, no obstante la diligencia y cuidado que se tuvo para evitarlo, de todas maneras acaeció, con independencia de que hubiese sido mentalmente figurado, o no, previamente a su ocurrencia" e irresistible, “como elemento de la causa extraña, consiste en la imposibilidad del obligado a determinado comportamiento o actividad para desplegarlo o para llevarla a cabo", por lo tanto se indica al interesado que un evento de estas características es considerado como una Fuerza Mayor tal y como este está definido para efectos del Contrato de Concesión. Adicionalmente se precisa al interesado que la Minuta del Contrato contendrá un mecanismo que antenderá los efectos generados por la ocurrencia de una situación como la del COVID 19, especificamente aquel relacionado con la disminución en el flujo de ingresos del Proyecto, siempre y cuando tal disminución se de con ocasión un evento o serie de eventos relacionados directamente con la declaratoria de un estado constitucional de excepción y/o por un estado de emergencia, por decisión de una Autoridad Estatal del orden nacional, que restrinja la movilidad y/o libre circulación, tales como órdenes de confinamiento o restricciones vehiculares, que generen un impacto atípico, significativo y directo en el tráfico de alguno de los corredores del Proyecto, causando un menor Recaudo de Peaje, exclusivamente durante el periodo en el que se haya materializado dicho evento. La minuta también incluirá las condiciones y forma en que se compensará dicho menor recaudo.
A90: 28. | B90: LUIS LEONARDO LEAL MURILLO, FCC CONSTRUCCIÓN, 22/04/2020 | C90: Se sugiere cambiar la definición por la siguiente propuesta: | F90: CONTRATO DE CONCESIÓN 1.94 Ingresos por Explotación Comercial | G90: =+VLOOKUP(28,prueba!$D$2:$E$733,2,FALSE) -> FINANCIERO | H90: La Entidad considera que la redacción propuesta puede generar confusiones que la redacción actual no genera, por lo que no se considera procedente su observación.
C91: "Se refiere a los ingresos brutos efectivamente obtenidos como consecuencia de la prestación de los Servicios Adicionales, de acuerdo con lo previsto en la Sección 3.3 de este Contrato"
A92: 29. | B92: LUIS LEONARDO LEAL MURILLO, FCC CONSTRUCCIÓN, 22/04/2020 | C92: Incluir definición genérica de Recursos. “son los Recursos de Deuda y los Recursos de Patrimonio”. En consecuencia, se debe incluir mayúsculas en “Recursos” en la Sección de Declaraciones y Garantías 2.6(a)(x). | F92: CONTRATO DE CONCESIÓN Recursos | G92: =+VLOOKUP(29,prueba!$D$2:$E$733,2,FALSE) -> FINANCIERO Y JURÍDICO – ESTRUCTURACIÓN | H92: Se informa al interesado que el uso de los recursos regulado en la Sección 2.6(a)(x) hace referencia expresa al tipo de recursos que se refiere, incluyendo los Recursos de Deuda, Recursos de Patrimonio y aquellos recursos provenientes de la Retribución. Incluir una definición genérica de Recursos como el interesado la propone a lo largo del documento puede generar confusión al lector. En esta medida, no se acepta su observación.
A93: 30. | B93: LUIS LEONARDO LEAL MURILLO, FCC CONSTRUCCIÓN, 22/04/2020 | C93: Se propone ampliar el plazo para la Suscripción del Acta de inicio a 45 días hábiles | F93: CONTRATO DE CONCESIÓN | G93: =+VLOOKUP(30,prueba!$D$2:$E$733,2,FALSE) -> JURÍDICO - ESTRUCTURACIÓN | H93: Se informa al interesado que no se acepta su observación. La ANI considera que el plazo de 30 Días Hábiles para la suscripción del Acta de Inicio del Contrato es suficiente y se compadece con las necesidades del Proyecto.
F94: 2.3 (b)
A95: 31. | B95: LUIS LEONARDO LEAL MURILLO, FCC CONSTRUCCIÓN, 22/04/2020 | C95: Se propone ampliar el plazo para la presentación de la Garantía Única y que ésta no se requiera para iniciar la ejecución del Contrato, toda vez que para dicho momento estará aún vigente la Garantía de Seriedad de la Oferta. En ese mismo sentido, se debe incluir que la ANI, si la Garantía de Seriedad de la Oferta se encontrare vigente, la deberá restituir, sin haberla afectado. | F95: CONTRATO DE CONCESIÓN 2.3(b)(i) Perfeccionamiento del Contrato e Inicio de la Ejecución | G95: =+VLOOKUP(31,prueba!$D$2:$E$733,2,FALSE) -> JURIDICO | H95: Se informa al interesado que no se acepta su observación. El artículo 41 de la Ley 80 de 1993 modificado por el artículo 23 de la Ley 1150 de 2007 establece que para la ejecución del contrato se requerirá la aprobación de la garantía. Particularmente, se aclara al interesado que la Garantía de Seriedad de la Oferta no cubre el incumplimiento de las obligaciones contractuales. De acuerdo con lo señalado por el artículo 2.2.1.2.3.1.6. del Decreto 1082 de 2015, la Garantía de Seriedad de la Oferta, como su nombre lo dice, cubre entre otros, la sanción derivada del incumplimiento de la oferta y la falta de otorgamiento por parte del proponente seleccionado de la garantía de cumplimiento del contrato.
A96: 32. | B96: LUIS LEONARDO LEAL MURILLO, FCC CONSTRUCCIÓN, 22/04/2020 | C96: Se debe acortar el plazo para la suscripción del Contrato de Interventoría. | F96: CONTRATO DE CONCESIÓN 2.3(b)(v) Perfeccionamiento del Contrato e Inicio de la Ejecución | G96: =+VLOOKUP(32,prueba!$D$2:$E$733,2,FALSE) -> JURIDICO – ESTRUCTURACIÓN | H96: Se informa al interesado que no se acepta su observación. La ANI considera que el plazo establecido para la firma del Contrato de Interventoría es suficiente y se ajusta a las necesidades del Proyecto, toda vez que se trata de una condición necesaria para el inicio de ejecución del Contrato de Concesión.
A97: 33. | B97: LUIS LEONARDO LEAL MURILLO, FCC CONSTRUCCIÓN, 22/04/2020 | C97: El pago de las comisiones a los estructuradores no debe ser una condición precedente sino que se debe hacer en un plazo contado a partir de la firma del Acta de Inicio. | F97: CONTRATO DE CONCESIÓN 2.3.(b)(vi) Perfeccionamiento del Contrato e Inicio de la Ejecución | G97: =+VLOOKUP(33,prueba!$D$2:$E$733,2,FALSE) -> JURÍDICA - ESTRUCTURACIÓN | H97: Se precisa al observante que el pago de la Comisión de Éxito no es una condición precedente para la suscripción del acta de Inicio. De igual manera es pertinente señalar que el pago esta comisión hace parte de las obligaciones ya adquiridas con el Estructurador Integral de conformidad con Contrato de Consultoría No. 490 de 2017.
A98: 34. | B98: LUIS LEONARDO LEAL MURILLO, FCC CONSTRUCCIÓN, 22/04/2020 | C98: Eliminar la declaración de que el Concesionario no está en proceso concursal o Acuerdo de Reestructuración, en razón a que es una nueva sociedad de propósito especial. | F98: CONTRATO DE CONCESIÓN 2.6(a)(i) Creación y Existencia | G98: =+VLOOKUP(34,prueba!$D$2:$E$733,2,FALSE) -> JURIDICA - ESTRUCTURACION | H98: No se acoge la observación presentada. La declaración incluida en el Contrato aplica no solo para el momento de su suscripción, sino en general durante el tiempo en que se mantenga vigente el vínculo contractual.
A99: 35. | B99: LUIS LEONARDO LEAL MURILLO, FCC CONSTRUCCIÓN, 22/04/2020 | C99: Toda vez que se exige que el Concesionario tenga un Objeto Único y se haya constituido como una nueva empresa, no tiene sentido las declaraciones del numeral 2.6(a)(i) en el sentido de que no se encuentran procesos concursales. | F99: CONTRATO DE CONCESIÓN 2.6(a)(ii) Objeto Único | G99: =+VLOOKUP(35,prueba!$D$2:$E$733,2,FALSE) -> JURIDICA ESTRUCTURACIÓN | H99: No se acoge la observación presentada. La declaración incluida en el Contrato aplica no solo para el momento de su suscripción, sino en general durante el tiempo en que se mantenga vigente el vínculo contractual.
A100: 36. | B100: LUIS LEONARDO LEAL MURILLO, FCC CONSTRUCCIÓN, 22/04/2020 | C100: Se solicita incluir un numeral adicional "Elaboración del Contrato: que El Contrato refleja de forma adecuada los términos y condiciones contenidos en los Pliegos de Condiciones y en los Documentos de Precalificación. Que la ANI hizo las modificaciones que a su juicio fueron necesarias conforme a los comentarios recibidos en la etapa de Licitación. Declara asimismo que en el presente Contrato no existen apartes confusos ni contradicciones entre sus términos y condiciones." | F100: CONTRATO DE CONCESIÓN 2.6(b)(vi) Elaboración del Contrato | G100: =+VLOOKUP(36,prueba!$D$2:$E$733,2,FALSE) -> JURÍDICA - ESTRUCTURACIÓN | H100: Se informa al interesado que no se acepta su observación. Las declaraciones y garantías de la ANI incluyen que la suscripción del contrato se lleva a cabo en desarrollo de las competencias de la ANI. Se entiende que el Contrato refleja de forma adecuada los términos y condiciones del Proceso de Selección. Así mismo, se aclara al interesado que cualquier confusión o contradicción entre los términos y condiciones del Contrato de Concesión deberá resolverse de acuerdo con las reglas de interpretación contenidas en el mismo y aquellas previstas por la Ley Aplicable. En esta medida, la ANI no considera necesario incluir la declaración propuesta.
A101: 37. | B101: LUIS LEONARDO LEAL MURILLO, FCC CONSTRUCCIÓN, 22/04/2020 | C101: Si una vez acreditado el Cierre Financiero, no se diere inicio a la Fase de Construcción, por causas no imputables al Concesionario, la ANI reconocerá al Concesionario los costos y gastos financieros derivados de la acreditación del Cierre Financiero desde la ocurrencia de la acreditación hasta la firma del Acta de Inicio de la Fase de Construcción. | F101: CONTRATO DE CONCESIÓN 3.8 Cierre Financiero | G101: =+VLOOKUP(37,prueba!$D$2:$E$733,2,FALSE) -> FINANCIERA | H101: De manera general La Entidad se permite aclarar que se considera que lo descrito en la observación en caso de ocurrir cumpliría con condiciones asociadas a un Evento de Fuerza Mayor y/o Evento Eximente de Responsabilidad los cuales ya están regulados expresamente en el contrato al igual que las compensaciones asociadas a los mismos. Lo anterior en la medida en que los cierres financieros usualmente están asociados al cumplimiento de condiciones precedentes para el Inicio de Etapa de Construcción y por lo que consecuentemente, se pueden considerar eventos paralelos.
A102: 38. | B102: LUIS LEONARDO LEAL MURILLO, FCC CONSTRUCCIÓN, 22/04/2020 | C102: Se debe aclarar que el incumplimiento de alguno de los prestamistas, no genera el incumplimiento del Concesionario. | F102: CONTRATO DE CONCESIÓN 3.8 Cierre Financiero | G102: =+VLOOKUP(38,prueba!$D$2:$E$733,2,FALSE) -> JURÍDICA – ESTRUCTURACIÓN Y FINANCIERA | H102: En la Sección 3.8(h) de la Minuta Parte General se establece que es una obligación del Concesionario financiar el Proyecto y si el prestamista incumpliese o se retirase del Proyecto el Concesionario deberá asegurar la consecución de los recursos adicionales; por lo que el incumplimiento del Prestamista no servirá de excusa para el incumplimiento de las obligaciones del Concesionario y no podrá reclamar Evento Eximente de Responsabilidad.
A103: 39. | B103: LUIS LEONARDO LEAL MURILLO, FCC CONSTRUCCIÓN, 22/04/2020 | C103: Se debe aclarar que si la financiación es a través de Bonos, la obligación de notificación recae cuando se cambia el Representante de los tenedores de los Bonos. | F103: CONTRATO DE CONCESIÓN 3.10(c) Registro de los Prestamistas | G103: =+VLOOKUP(39,prueba!$D$2:$E$733,2,FALSE) -> FINANCIERA | H103: Se informa al interesado que de acuerdo con la Sección 3.10 (a), para el caso de colocaciones en el mercado de capitales, bastará con la identificación del administrador o agente estructurador de la colocación, así como del representante de los tenedores. Cualquier cambio en los Prestamistas, o en el administrador o agente estructurador de la colocación o en el representante de los tenedores para el caso de colocaciones en el mercado de capitales, deberá ser notificado a la ANI de acuerdo con lo previsto en la Sección 3.10 (c). En esta medida, no se considera necesario hacer la aclaración sugerida, por tal motivo no procede su observación.
A104: 40. | B104: LUIS LEONARDO LEAL MURILLO, FCC CONSTRUCCIÓN, 22/04/2020 | C104: Se debe establecer un límite a la obligación del Concesionario de mantener las garantías vigentes. Se propone siguiente redacción: "En todo caso la obligación del Concesionario se limitará a los sesenta (60) Días contados a partir de la firma del Acta de Reversión." | F104: CONTRATO DE CONCESIÓN 3.12 (e) (viii) Efectos de la Toma de Posesión | G104: =+VLOOKUP(40,prueba!$D$2:$E$733,2,FALSE) -> FINANCIERA | H104: Sea lo primero anotar que la toma de posesión regulada en el numeral 3.12 tiene una motivación y dinámica diferente a la Reversión regulada en el capitulo IX numeral 9.7 del contrato parte general, y no exime al concesionario de mantener las garantías vigentes en todo momento, mientras se tengan obligaciones exigibles a su cargo. En caso de ser necesario acudir a la Toma de Posesión, hasta tanto esta no se haga efectiva y se surta el proceso previsto para ello, es el concesionario el responsable de mantener las garantías y seguros del caso y no hay forma de prestablecer el tiempo que será necesario, sin ser posible de ninguna manera limitar a un determinado número de días la vigencia de la garatia, sin saber cuáles serán las particularidades del caso. Por lo anterior no se acepta la observación.
A105: 41. | B105: LUIS LEONARDO LEAL MURILLO, FCC CONSTRUCCIÓN, 22/04/2020 | C105: En el subnumeral (7) se debe precisar que la cesión de las Licencias y Permisos la debe hacer el Concesionario, siempre que ello sea viable jurídicamente. | F105: CONTRATO DE CONCESIÓN 3.12(e)(vii) Efectos de la Toma de Posesión | G105: =+VLOOKUP(41,prueba!$D$2:$E$733,2,FALSE) -> JURÍDICA – ESTRUCTURACCIÓN | H105: La Entidad no acoge su solicitud, en la medida que la cesión de la titularidad de las Licencias y Permisos es un trámite contemplado en la Ley Aplicable, por lo que la cesión tiene viabilidad jurídica.
A106: 42. | B106: LUIS LEONARDO LEAL MURILLO, FCC CONSTRUCCIÓN, 22/04/2020 | C106: Se debe incluir expresamente que la ANI, se obliga a suscribir el Contrato de Fiducia Mercantil en calidad de Fideicomitente y Beneficiario, una vez vencido el plazo para hacer comentarios o solicitudes de modificaciones. | F106: CONTRATO DE CONCESIÓN 3.13 Contrato de Fiducia Mercantil | G106: =+VLOOKUP(42,prueba!$D$2:$E$733,2,FALSE) -> JURÍDICA - ESTRUCTURACIÓN | H106: Se informa al interesado que no se acepta su observación. De acuerdo con lo previsto por el artículo 24 de la Ley 1508 de 2012, los recursos públicos y todos los recursos que se manejen en el proyecto deberán ser administrados a través de un patrimonio autónomo constituido por el contratista -Concesionario-, integrado por todos los activos y pasivos presentes y futuros vinculados al proyecto. La ANI no tiene la calidad de fideicomitente, sin embargo, cuenta con la potestad de exigir la información que estime necesaria, la cual le deberá ser entregada directamente a la solicitante por el administrador del patrimonio autónomo, en los plazos y términos que se establezca en el Contrato.
A107: 43. | B107: LUIS LEONARDO LEAL MURILLO, FCC CONSTRUCCIÓN, 22/04/2020 | C107: Proponemos eliminar la última frase del literal (a), relacionada con los efectos de la inclusión de obligaciones, en la medida en que el Contrato de Fiducia es revisado y comentado por la ANI. | F107: CONTRATO DE CONCESIÓN 3.15 (a) Términos y condiciones de obligatoria inclusión en el Contrato de Fiducia Mercantil | G107: =+VLOOKUP(43,prueba!$D$2:$E$733,2,FALSE) -> JURÍDICA – ESTRUCTURACIÓN | H107: Se informa al interesado que no se acepta su observación, toda vez que es obligación del Concesionario incorporar las obligaciones de la Fiduciaria del Contrato de Concesión en el Contrato de Fiducia en su calidad de Fideicomitente. En esta medida, el Concesionario responderá frente a la ANI si la falta de incorporación de esas obligaciones causa perjuicios a la ANI.
A108: 44. | B108: LUIS LEONARDO LEAL MURILLO, FCC CONSTRUCCIÓN, 22/04/2020 | C108: Se debe eliminar el requisito del 25% de los miembros independientes de la Junta Directiva, toda vez que al Concesionario no se le aplica la disposición del artículo 44 de la Ley 964 de 2005. | F108: CONTRATO DE CONCESIÓN 4.2 (dd) (i) (8) Principales Obligaciones del Concesionario durante la Fase Previa | G108: =+VLOOKUP(44,prueba!$D$2:$E$733,2,FALSE) -> JURÍDICA - ESTRUCTURACIÓN | H108: Se informa al interesado que el requisito establecido en la Sección 4.2 (dd)(i)(8) de la Parte General que exige indicar el procedimiento de selección de los miembros de junta directiva que debe incluir al menos el 25% de miembros independiente no fue incluido con base en el artículo 44 de la Ley 964 de 2005 toda vez que esta norma únicamente aplica para los emisores de valores. La razón de inclusión de este requerimiento desde los proyectos de Cuarta Generación, se debe a una buena práctica de gobierno corporativo adoptado por la entidad y busca que dentro de la junta directiva del Concesionario exista al menos un 25% de miembros que no sean empleados, directivos ni contratistas del Concesionario, de los accionistas del Concesionario ni de ninguno de los Beneficiarios Reales con el fin de tener una mayor objetividad en la toma de decisiones buscando siempre la transparencia en las negociaciones y el bienestar de la sociedad. Dicho lo anterior, se informa al interesado que no se acepta su observación.
A109: 45. | B109: LUIS LEONARDO LEAL MURILLO, FCC CONSTRUCCIÓN, 22/04/2020 | C109: Proponemos incluir un nuevo literal en relación con la obligación de entregar toda la información jurídica y técnica relacionada con los Predios. Así mismo se debe aclarar que los impuestos, tasas y contribuciones derivadas de los Predios no están en cabeza del Concesionario. | F109: CONTRATO DE CONCESIÓN 7.1 Gestión Predial | G109: =+VLOOKUP(45,prueba!$D$2:$E$733,2,FALSE) -> JURIDICA – ESTRUCTRACIÓN YTECNICO | H109: La información de los Predios depende de los Estudios de Detalle a desarrollar por el Concesionario, por lo tanto no procede la solicitud. Respecto a la disponibilidad de información predial, el Cuarto de Información de Referencia incluye los estudios de factibilidad para los Predios Requeridos para nueva construcción y ampliaciones, y para ampliar la información de antecedentes del proyecto se incluirá en el Cuarto de Información de Referencia la reversión del contrato 005 de 1999. Se aclara al interesado que el Concesionario tendrá a su cargo los costos definidos en el Contrato, en especial por lo dispuesto en el Capítulo VII de la Parte General y la Sección 8.3 del Apéndice Técnico 7, los cuales no incluyen impuestos prediales de los predios a ser adquiridos.
A110: 46. | B110: LUIS LEONARDO LEAL MURILLO, FCC CONSTRUCCIÓN, 22/04/2020 | C110: Se debe incluir que las diferencias en relación con los efectos, deben ser resueltas por el Amigable Componedor. | F110: CONTRATO DE CONCESIÓN 4.8 Retraso en el Plan de Obras | G110: =+VLOOKUP(46,prueba!$D$2:$E$733,2,FALSE) -> JURÍDICA – ESTRUCTURACIÓN Y DEFENSA JUDICIAL | H110: Se informa al interesado que la sección observada fue objeto de ajuste, estas modificaciones se podrán evidenciar en la minuta que se publicará con el Pliego de condiciones definitivo.
A111: 47. | B111: LUIS LEONARDO LEAL MURILLO, FCC CONSTRUCCIÓN, 22/04/2020 | C111: Se propone reducir los plazos de los literales c) a Veinte (20) Días y d) a Treinta (30) Días. | F111: CONTRATO DE CONCESIÓN 4.9 (c ) y (d) Procedimiento para Solicitar Ampliación del Plazo del Plan de Obras | G111: =+VLOOKUP(47,prueba!$D$2:$E$733,2,FALSE) -> TÉCNICO Y JURÍDICO – ESTRUCTURACIÓN | H111: Se informa al interesado que no se acepta su observación. La ANI considera que los plazos previstos en la Sección 4.9 (c) y 4.9 (d) son razonables y se compadecen con las necesidades del Proyecto. En todo caso, se informa al interesado que estos plazos son plazos máximos por lo que podrán ser inferiores en ejecución del Contrato.
A112: 48. | B112: LUIS LEONARDO LEAL MURILLO, FCC CONSTRUCCIÓN, 22/04/2020 | C112: Aclarar que hay lugar a las multas, siempre y cuando los incumplimientos no se deriven de incumplimientos de la ANI. | F112: CONTRATO DE CONCESIÓN 10.1(a) Multas o Sanciones | G112: =+VLOOKUP(48,prueba!$D$2:$E$733,2,FALSE) -> SANCIONATORIO | H112: Se informa al interesado que no se acepta su observación. Las multas previstas en la Parte Especial se causarán en el evento en que exista un hecho de incumplimiento imputable al Concesionario en ejecución del Contrato y la imposición de las mismas se regirá de acuerdo con lo señalado en el artículo 86 de la Ley 1474 de 2011 o las normas que lo modifiquen, complementen o sustituyan.
A113: 49. | B113: LUIS LEONARDO LEAL MURILLO, FCC CONSTRUCCIÓN, 22/04/2020 | C113: No se puede descontar el monto de las Multas, toda vez que se desmejora la garantía o la condición del Prestamista. | F113: CONTRATO DE CONCESIÓN 10.3(a) Pago de las Multas o Sanciones | G113: =+VLOOKUP(49,prueba!$D$2:$E$733,2,FALSE) -> SANCIONATORIO | H113: Las multas y sanciones se causarán en el evento en que exista un hecho de incumplimiento imputable al Concesionario en ejecución del Contrato y la imposición de estas se regirá de acuerdo con lo señalado en el artículo 86 de la Ley 1474 de 2011 o las normas que lo modifiquen, complementen o sustituyan. Tanto las condiciones y garantías pactadas con el Prestamista como el cumplimiento del Contrato son obligación del Concesionario, de manera que el pago de las multas o sanciones no debe afectar la ejecución de sus responsabilidades. Se precisa igualmente que es viable descontar de los valores que se deban al concesionario lo que este adeude por concepto de multas o sanciones, y la razón está en la figura de la compensación la cual opera por el solo ministerio de ley (art. 1715 C.C.) siempre que dos personas sean deudoras entre sí, y siempre y cuando se cumplan los requisitos allí exigidos
...

Sheet 734-779
C2: SISTEMA INTEGRADO DE GESTIÓN | F2: Código: GCOP-F-006
C3: PROCESO | D3: GESTIÓN DE LA CONTRATACIÓN PÚBLICA | F3: Versión: 002
C4: FORMATO | D4: MATRIZ RESPUESTA A OBSERVACIONES | F4: Fecha: 06/05/2020
A8: RESPUESTA A OBSERVACIONES
B10: LICITACIÓN PÚBLICA No. VJ-VE-APP-IPB-001-2020
A11: En Bogotá D.C., a los cuatro días del mes de septiembre de 2020, la Agencia Nacional de Infraestructura, por medio del presente documento se permite dar respuesta a la observación allegada hasta la fecha, al VJ-VE-APP-IPB-001-2020 del proceso de selección de la referencia, en los siguientes términos:
A12: Se da respuesta a las observaciones allegadas al proyecto de pliego de condiciones del proceso de selección. Las modificaciones realizadas al pliego de condiciones y demás anexos y apéndices serán las contenidas en los documentos indicados, las cuales prevalecen sobre las respuestas a las observaciones.
A15: No. | B15: EMPRESA O PERSONA | C15: OBSERVACIÓN REALIZADA | F15: DOCUMENTO O SECCIÓN QUE SE OBSERVA | G15: TIPO DE OBSERVACIÓN (TÉCNICA, JURÍDICA, FINANCIERA, ETC.) | H15: RESPUESTA DE LA ENTIDAD
B16: QUE OBSERVA
A17: 734 | B17: KMA CONSTRUCCIONES S.A.S. | C17: 3.14(h)(iv)(2) (…)"iv. Con los recursos provenientes del Recaudo de Peaje, mensualmente se fondearán en el siguiente orden las subcuentas: | F17: Contrato Parte Especial. CAPÍTULO II TABLA DE REFERENCIAS A LA PARTE GENERAL. 3.14(h)(iv)(2) | G17: Jurídica | H17: Se informa al interesado que su entendimiento es correcto, la secuencia descrita en el Contrato Parte Especial, Tabla de Referencias, Sección 3.14(h)(iv)(2) aplica en el orden allí especificado. La entidad acepta parcialmente su observación, y ajusta la redacción en la Tabla de Referencias 3.14(h)(iv)(2) precisando en el numeral que el fondeo aplicará una vez realizado el fondeo del numeral anterior.
B18: 43957 | G18: financiera
C19: (...)
C20: 2. En segundo lugar y previo a cualquier otro fondeo, a la Subcuenta creada para la UF 0 dentro de la Subcuenta Recaudo Peaje, con el porcentaje correspondiente a la UF0 señalado en la Sección 4.1 de esta Parte Especial.
C22: De acuerdo con lo anterior solicitamos aclarar si el porcentaje correspondiente a la UF0 señalado en la Sección 4.1 de esta Parte Especial se aplicaría sobre los recursos TOTALES provenientes del recaudo de peaje o sobre los recursos remanentes después de surtir el Paso 1.
C24: En ese sentido, sugerimos la siguiente redacción:
C26: 2. En segundo lugar y previo a cualquier otro fondeo,
C27: después de efectuar los fondeos descritos en los numerales anteriores, con los recursos remanentes, a la Subcuenta creada para la UF 0 dentro de la Subcuenta Recaudo Peaje, con el porcentaje correspondiente a la UF0 señalado en la Sección 4.1 de esta Parte Especial.
A28: =+A17+1 -> 735 | B28: KMA CONSTRUCCIONES S.A.S. | C28: 3.14(h)(iv)(2) (…)"iv. Con los recursos provenientes del Recaudo de Peaje, mensualmente se fondearán en el siguiente orden las subcuentas: | F28: Contrato Parte Especial. CAPÍTULO II TABLA DE REFERENCIAS A LA PARTE GENERAL. 3.14(h)(iv)(2) | G28: Jurídica | H28: Se informa al interesado que su entendimiento es correcto, la secuencia descrita en el Contrato Parte Especial, Tabla de Referencias, Sección 3.14(h)(iv)(4) aplica en el orden allí especificado. La entidad acepta parcialmente su observación, y ajusta la redacción en la Tabla de Referencias 3.14(h)(iv)(4) señalando que esto aplicará una vez sean realizados los fondeos descritos en los numerales 1,2 y 3 anteriores.
B29: 43957 | G29: financiera
C30: (...)
C31: 4. En cuarto lugar y con posterioridad a los anteriores fondeos, a las Subcuentas creadas para las demás UF dentro de la Subcuenta de Recaudo con los recursos remanentes del Recaudo de Peaje con el porcentaje correspondiente a cada UF señalado en la Sección 4.1 de esta Parte Especial."
C33: A efecto de garantizar que el 100% de los recursos remanentes, después de aplicar los fondeos descritos en los numeral 1, 2 y 3, puedan ser asignados debidamente, solicitamos corregir la redacción del numeral 4, particularmente en el período donde se deba fondear la subcuenta contingencias, en el sentido de incluir nuevamente a la UF0 en la distribución correspondiente a cada UF señalado en la Sección 4.1 de esta Parte Especial. De lo contrario, se estaría dejando de fondear el porcentaje asignado a la mencionada UF0 del mencionado remanente. Por consiguiente, sugerimos la siguiente redacción:
C35: 4. En cuarto lugar y con posterioridad a los anteriores fondeos, a las Subcuentas creadas para todas las UFs dentro de la Subcuenta de Recaudo con los recursos remanentes del Recaudo de Peaje con el porcentaje correspondiente a cada UF señalado en la Sección 4.1 de esta Parte Especial.
A36: =+A28+1 -> 736 | B36: KMA CONSTRUCCIONES S.A.S. | C36: “El desarrollo de las obligaciones ambientales pendientes de cumplimiento y obligaciones por ejecutar establecidas en el Apéndice Técnico 6, deberá iniciar desde la suscripción del Acta de Inicio o la expedición de la Orden de Inicio. En todo caso, si a la fecha en la cual se haga la Entrega de la Infraestructura ya se han cumplido algunas de las obligaciones ambientales, estas se entenderán automáticamente excluidas del objeto de este Contrato y no harán parte del alcance del Proyecto, por lo cual cesarán las obligaciones del Concesionario respecto de la(s) actividad(es) así excluida(s), y el monto de cada una de ellas indicado en las siguientes tablas será trasladado por parte del Concesionario a la Subcuenta Excedentes ANI, previa instrucción expresa y escrita de la ANI, en un plazo máximo de cuarenta y ocho (48) meses contado a partir de la suscripción del Acta de Inicio de la Fase de Construcción.” | F36: Contrato Parte Especial. CAPÍTULO III ASPECTOS GENERALES. SECCION 3.6 (h) | G36: Ambiental | H36: Se informa al interesado que a partir de la relación de expedientes definidos en el Capítulo IX del Apéndice Técnico 6, el Oferente podrá efectuar las consultas pertinentes de tales expedientes en la ANLA. Para esto se incluye en el Cuarto de Información de Referencia las resoluciones de las licencias ambientales y los actos administrativos de seguimiento en la carpeta E3. Se precisa que esta información estará disponible a título meramente informativo acorde con las condiciones de la Sección 1.7 Cuarto de Información de Referencia del Pliego de Condiciones.
B37: 43957
C38: Observación: Teniendo en cuenta que el Contrato vincula trámites y permisos en curso que se encuentran pendientes de finiquitar, es importante conocer el sentido y directrices señalados en cada uno de ellos, a efectos de conocer en debida forma no solo el alcance de estos, sino que adicionalmente el margen de las obligaciones y/o responsabilidades pendientes de cumplir para obtener su cierre. Por lo tanto, se hace necesario contar con la relación y contenido de cada uno de los Actos Administrativos a que se ha hecho mención.
A39: =+A36+1 -> 737 | B39: KMA CONSTRUCCIONES S.A.S. | F39: Contrato Parte Especial. CAPÍTULO III ASPECTOS GENERALES. SECCION 3.6 (h) (ii) | G39: Ambiental | H39: Se informa al interesado que a partir de la relación de expedientes definidos en el Capítulo IX del Apéndice Técnico 6, el Oferente podrá efectuar las consultas pertinentes de tales expedientes en la ANLA. Para esto se incluye en el Cuarto de Información de Referencia las resoluciones de las licencias ambientales y los actos administrativos de seguimiento en la carpeta E3. Se precisa que esta información estará disponible a título meramente informativo acorde con las condiciones de la Sección 1.7 Cuarto de Información de Referencia del Pliego de Condiciones.
B40: 43957
C43: Observación: Teniendo en cuenta que el Contrato vincula trámites y permisos en curso que se encuentran pendientes de finiquitar, es importante conocer el sentido y directrices señalados en cada uno de ellos, a efectos de conocer en debida forma no solo el alcance de estos, sino que adicionalmente el margen de las obligaciones y/o responsabilidades pendientes de cumplir para obtener su cierre. Por lo tanto, se hace necesario contar con la relación y contenido de cada uno de los Actos Administrativos a que se ha hecho mención.
A44: =+A39+1 -> 738 | B44: KMA CONSTRUCCIONES S.A.S. | C44: • SECCION 3.11.1 (a) “(…) En este sentido será responsabilidad del Concesionario la adquisición de la totalidad de los Predios por efecto de las intervenciones ofrecidas para obtener mayor puntaje como factor de calidad y no podrá utilizar los recursos previstos en la Subcuenta de Predios”. | F44: Contrato Parte Especial. CAPÍTULO III ASPECTOS GENERALES. SECCION 3.11.1 (a) | G44: técnica | H44: Se informa al interesado que el alcance de las intervenciones para el Factor de Calidad será ajustado en los documentos definitivos, en el sentido de aclarar que se tratan de intervenciones sobre vías existentes. Sin embargo, si producto de la ejeción de los Estudios de Detalle y Diseño Geometrico el Concesionaro requiere algún predio, su gestión y adquisición deberá estar a su cuenta y riesgo.
B45: 43957
C46: Observación: El aparte antes señalado es una clara vulneración al Principio de Planeación que debe gobernar para la ANI, comoquiera que al exigir compra de todos los predios otorgando así una mayor calificación, hace que dicha compra no sea o pueda evaluar como un factor de calidad, más cuando los predios deben ser adquiridos en los periodos acordados para el efecto. No tiene sentido que realizada una matriz de riesgos, la cual ha surtido todos los tramites de ley; se le asigne al concesionario un riesgo que no ha sido dimensionado por la ANI.
C47: Por lo anterior les solicitamos que la compra de los predios asociadas al factor de calidad, sean realizadas por la subcuenta de predios y se mantenga idéntica la asignación de riesgos entre público y privado.
A48: =+A44+1 -> 739 | B48: KMA CONSTRUCCIONES S.A.S. | F48: Contrato Parte Especial. | G48: financiera | H48: La entidad considera pertinente la observación y realizará los ajustes que considere procedentes al respecto.
B49: 43957 | C49: 4.1 Porcentaje de Participación de las Unidades Funcionales | F49: CAPÍTULO IV ASPECTOS ECONÓMICOS DEL CONTRATO. SECCION 4.1
C50: Como se describe en Apéndice Técnico 1, el Proyecto está dividido en seis (6) Unidades Funcionales (incluida una Unidad Funcional de Operación y Mantenimiento) a las cuales se les asigna el siguiente porcentaje de participación en el Proyecto, para efectos del cálculo de la Retribución para cada Unidad Funcional.
C56: De acuerdo con lo anterior solicitamos comedidamente se corrijan los porcentajes asignados a los períodos: Desde el Mes 37 hasta el Mes 42, Desde el Mes 43 hasta el Mes 48 y Desde el Mes 61 hasta el Mes 102, toda vez que la sumatoria es inferior al 100%, probablemente este asociado a decimales.
A57: =+A48+1 -> 740 | B57: KMA CONSTRUCCIONES S.A.S. | C57: CAPÍTULO IV ASPECTOS ECONÓMICOS DEL CONTRATO | F57: Contrato Parte Especial. | G57: financiera | H57: La entidad realizará los ajustes pertinentes, eliminando la sección señalada en su observación, este cambio será incluido en la minuta que se publicará en Pliego de Condiciones Definitivo.
B58: 43957 | F58: CAPÍTULO IV ASPECTOS ECONÓMICOS DEL CONTRATO. SECCION 4.4
C59: SECCION 4.4 “Los costos de estructuración a que se hace referencia en la Sección 4.7 de esta Parte Especial no serán tenidos en cuenta para efectos de los Aportes de Equity a que se hace referencia en esta Sección”.
C61: Observación: No guarda relación que los Costos de Estructuración, no se comprendan como un Aporte de Equity por parte del Originador, cuando el mismo Contrato prevé que el adjudicatario del mismo una vez haya fondeado las Subcuentas del Patrimonio Autónomo con los recursos aportados como Equity, pague al originador la comisión de éxito respectiva. Por lo tanto, los Costos de Estructuración al tener origen en el desarrollo del proyecto mismo, deben poder ser tenidos como Aportes de Equity.
A62: =+A57+1 -> 741 | B62: KMA CONSTRUCCIONES S.A.S. | F62: Contrato Parte Especial. | G62: Predios | H62: Teniendo en cuenta la observación, la Entidad realizó los ajustes pertienentes del fondeo de la subcuenta predial, por lo que en la nueva versión la cual se publicará con los Pliegos Definitivos, podrá consultar los cambios y exigencias consignadas.
B63: 43957 | C63: SECCION 4.5 (a) (i) “Dentro de los doscientos diez (210) días siguientes a la suscripción del Acta de Inicio o la expedición de la Orden de Inicio, el Concesionario deberá presentar un cronograma de adquisición predial, donde se detallen los predios requeridos para la ejecución del Corredor del Proyecto.” | F63: CAPÍTULO IV ASPECTOS ECONÓMICOS DEL CONTRATO. SECCION 4.5 (a) (i)
C65: Observación: No guarda relación alguna realizar los Fondeos a la Subcuenta Predios de manera anticipada a los 210 días desde la suscripción del Acta de Inicio, si se tiene el mismo periodo de tiempo para tener un cronograma de adquisición predial, y antes de contar con el mismo no se puede realizar la adquisición predial, por lo tanto, efectuar los fondeos de la manera como se tiene redactado, hace necesariamente que el Concesionario dispongan más de CIENTO CINCO MIL OCHOCIENTOS OCHENTA Y NUEVE MILLONES TRESCIENTOS VEINTITRES MIL DOSCIENTOS DIECISEIS PESOS ($105.889.323.216) sin que se pueda hacer uso de los mismos.
C67: Conforme lo anterior, es menester señalar que los fondeos como se tienen dispuestos, hacen necesariamente que las condiciones del proyecto sean aún mucho más onerosas para el Estado, pues la colocación de los aportes en la Subcuenta, y no dar utilización de los mismos implica propiamente que no se utilicen tales recursos de manera eficiente.
C69: Del mismo modo, no guarda relación alguna, proceder con el fondeo o aporte en un periodo que abarque los primeros ocho (8) Aportes relacionados, como quiera que la adquisición predial debe tener aval de interventoría en el sentido de contar con un estudio de zonas homogéneas, ficha predial, avaluó aprobado, todo ello de manera previa a presentar la oferta a los propietarios. Por lo anterior se le solicita a la ANI que los Aportes en mención se deben correr por lo menos en Ocho (8) meses, periodo que atiende a la fase de pre-construcción y fecha estimada de aprobación.
A70: =+A62+1 -> 742 | B70: KMA CONSTRUCCIONES S.A.S. | F70: Contrato Parte Especial. | G70: financiera técnica | H70: La entidad considera pertinente la observación, por lo que se informa al Interesado que se realizarón los ajustes correspondientes a los plazos de fondeo de redes en el Contrato Parte Especial sección 4.7.
B71: 43957 | F71: CAPÍTULO IV ASPECTOS ECONÓMICOS DEL CONTRATO. SECCION 4.5 (c)
C72: Observación: Del mismo modo, no guarda relación alguna, proceder con el fondeo o aporte en un periodo que abarque los primeros ocho (8) Aportes relacionados, comoquiera que la gestión de Redes debe tener aval de interventoría en el sentido de contar con un programa de traslado de redes y diseños geométricos No Objetados. Por lo anterior, los Aportes en mención se deben correr por lo menos en ocho (8) meses, periodo que atiende a la fase de pre-construcción y fecha estimada de No Objeción.
A73: =+A70+1 -> 743 | B73: KMA CONSTRUCCIONES S.A.S. | C73: SECCION 4.5 (d) “En el evento que las Fases contenidas en la Etapa Preoperativa tengan una duración superior a la establecida en la Sección 3.8 de esta Parte Especial, el Concesionario deberá seguir fondeando la subcuenta, en el monto correspondiente al plazo adicional de la Fase. Estos aportes deberán realizarse de tal forma que garanticen los valores faltantes y en los plazos y montos que le establezca la ANI, de tal forma que el mecanismo sea eficiente y oportuno.” | F73: Contrato Parte Especial. | G73: Jurídica | H73: Se aclara al interesado que de acuerdo con lo previsto en la sección 3.14 (h) (vi) (7), se estipula que los aportes adicionales en los que incurra el concesionario mencionados en la sección 3.14 (h) (vi) (6) serán pagados por la Entidad al concesionario; lo cual está en línea con la asignación del riesgo al público.
B74: 43957 | F74: CAPÍTULO IV ASPECTOS ECONÓMICOS DEL CONTRATO. SECCION 4.5 (d) | G74: técnica
C75: Observación: El contenido de la obligación señalada en el aparte en cita, tendría cabida únicamente si se relaciona con situaciones atribuibles al Concesionario, sin embargo, las mismas no se pueden predicar cuando se trate de un Evento Eximente de Responsabilidad (EER) pues el mismo no es atribuible a aquel.
A76: 744 | B76: KMA CONSTRUCCIONES S.A.S. | C76: SECCION 4.5 (g) “Los rendimientos de las operaciones de tesorería que se efectúen con cargo a los recursos de la Subcuenta Policía de Carreteras, serán trasladados mensualmente a la Subcuenta Excedentes ANI.” | F76: Contrato Parte Especial. | G76: Jurídica | H76: Se informa al interesado que no se acepta su observacion,los rendimientos de esta subcuenta son trasladados de manera mensual a la Subcuenta de Excedentes ANI, como mecanismo de liquidez para compensar aquellos riesgos a cargo de la ANI, que se puedan materializar dentro del contrato.
B77: 43957 | G77: financiera
C78: Observación: Los excedentes deberían ir a la Subcuenta Proyecto y no a subcuenta ANI, más cuando se tiene que la citada Subcuenta corresponde a una de las que pertenecen al Proyecto. | F78: CAPÍTULO IV ASPECTOS ECONÓMICOS DEL CONTRATO. SECCION 4.5 (g)
A79: 745 | B79: KMA CONSTRUCCIONES S.A.S. | C79: SECCION 4.5 (h) (iv) “En el momento en que la ANI así lo determine, el Concesionario ordenará a la Fiduciaria trasladar, en las condiciones que indique la ANI, los recursos disponibles en esta Subcuenta sin descontar ningún tipo de impuesto, tasa o contribución y demás gastos asociados a dicho traslado”. | F79: Contrato Parte Especial. | G79: Jurídica | H79: Se considera que no es procedente y se aclara que los costos asociados a estas transferencias se encuentran contemplados dentro de la estructuración financiera del proyecto, por lo cual NO deben ser asumidos con cargo a la misma subcuenta.
B80: 43957 | F80: CAPÍTULO IV ASPECTOS ECONÓMICOS DEL CONTRATO. SECCION 4.5 (h) (iv) | G80: financiera
C81: Observación: Al respecto, es importante que se modifique que los costos que implique el cambio por la determinación que unilateralmente formule la ANI, deben ser asumidos por la subcuenta misma.
A82: 746 | B82: KMA CONSTRUCCIONES S.A.S. | C82: SECCION 4.5 (h) (viii) “Los recursos disponibles en la Subcuenta Depósito Especial del Recaudo serán de libre disposición de la ANI para servir como fuente de pago de otro proyecto de infraestructura.” | F82: Contrato Parte Especial. | G82: Jurídica | H82: No se considera procedente la observación respecto al uso de los recursos de la Subcuenta de Depósito Especial Mencionada, teniendo en cuenta que estos tienen una destinación especifica.
B83: 43957 | F83: CAPÍTULO IV ASPECTOS ECONÓMICOS DEL CONTRATO. SECCION 4.5 (h) (viii) | G83: financiera
C84: Observación: La fuente de pago debería predicarse tanto para el presente Proyecto de Infraestructura, como para otros proyectos. Es importante que la ANI se concientice que todos los efectos que ha venido y generará el Covid-19, no fueron tenidos en cuenta para el mismo, toda vez que al ser objetivos en la evaluación respectiva se tiene que este proyecto se estructuró sin tener en cuenta el fenómeno que se afronta y por lo tanto se pueden presentar contingencias para el futuro concesionario. Por esta razón, consideramos y le hacemos una respetuosa solicitud a la ANI para que el proyecto actual también sea beneficiario de la Subcuenta de Deposito Especial de Recaudo y con la misma se puedan prever los impactos que se generen para el proyecto.
A85: 747 | B85: KMA CONSTRUCCIONES S.A.S. | C85: SECCION 6.1 (g) “En caso de que el Concesionario adquiera mayor área a la requerida para el proyecto se causará una Multa por un valor equivalente al área adquirida en exceso, sin perjuicio que la titularidad de las áreas se mantenga en cabeza de la ANI.” | F85: Contrato Parte Especial. | G85: Técnica | H85: Se informa al interesado que no se acepta su observación. En caso de que el Concesionario adquiera mayor área a la requerida para el proyecto se causará una Multa por un valor equivalente al área adquirida en exceso, toda vez que eso excede el área requerida para el Proyecto. En todo caso, si el Concesionario considera necesario adquirir Predios en exceso para el desarrollo del mismo, la titularidad de las mismas se mantendrá en cabeza de la ANI.
B86: 43957 | G86: predial
C87: Observación: El aparte en cita, resulta completamente contrario a derecho, toda vez que de una misma situación, se estaría condenando con multa, e igualmente fruto de la misma se estaría generando o entregando la titularidad a la ANI, situación ésta que a todas luces de no ser modificada genera un posible enriquecimiento sin causa en favor de la ANI, con sus consecuencias legales que ello acarree. | F87: CAPÍTULO VI SANCIONES Y ESQUEMAS DE APREMIO. SECCION 6.1 (g)
A88: 748 | B88: KMA CONSTRUCCIONES S.A.S. | C88: SECCION 6.1 (h) “Multa por incumplimiento en la entrega de información al Interventor y/o a la ANI: Si el Concesionario no entrega la información completa que le solicite el Interventor, siempre y cuando ésta se relacione con el objeto del presente Contrato, dentro de los plazos y en los términos de cada requerimiento, se causará una Multa diaria hasta de siete (7) salarios mínimos mensuales legales vigentes por cada Día transcurrido a partir de la fecha prevista para el cumplimiento de esta obligación. Para efectos de lo señalado en la Sección 10.2(c) de la Parte General, el término máximo contado desde la expiración del Plazo de Cura es de treinta (30) Días.” | F88: Contrato Parte Especial. | G88: Jurídica | H88: Se informa al interesado que no se acepta su observación. La información requerida por la Interventoría corresponderá a las necesidades particulares del Proyecto y del momento en el cual se haga dicha solicitud. Adicionalmente, se recuerda al interesado que la imposición de Multas siempre estará precedida del procedimiento señalado en el artículo 86 de la Ley 1474 de 2011 o las normas que lo modifiquen, complementen o sustituyan.
B89: 43957 | F89: CAPÍTULO VI SANCIONES Y ESQUEMAS DE APREMIO. SECCION 6.1 (h) | G89: técnica
C90: Observación: Teniendo en cuenta que el posible incumplimiento por la no entrega de la información a la Interventoría puede quedar muy abierto, así como al arbitrio de la Interventoría, merece la pena que se fije el tipo de información requerida por la Interventoría, así como la particular exigencia y relevancia de la misma, con la finalidad de evitar que se presenten irregularidades en los procesos respectivos, así como posibles abusos y subjetividades de la Interventoría.
A91: 749 | B91: KMA CONSTRUCCIONES S.A.S. | C91: SECCION 6.1 (p) “Incumplimiento en el pago de los salarios, prestaciones sociales y parafiscales: Por el incumplimiento de la obligación de estar al día en el pago de salarios, prestaciones sociales y parafiscales de los empleados del Concesionario, así como de cualquier trabajador (ya sea del Concesionario, de los Contratistas o Subcontratistas), la ANI podrá imponer una multa diaria equivalente hasta de veinte (20) salarios mínimos mensuales legales por cada Día transcurrido a partir de la fecha prevista para el cumplimiento de esta obligación. Para efectos de lo señalado en la Sección 10.2(c) de la Parte General, el término máximo contado desde la expiración del Plazo de Cura es de noventa (90) Días.” | F91: Contrato Parte Especial. | G91: Jurídica | H91: Se informa al interesado que no se acepta su observación. De acuerdo con la Sección 6.1 (p), la obligación de estar al día en el pago de salario, prestaciones sociales y parafiscales no sólo aplica para los empleados del Concesionario, sino para cualquier trabajador (ya sea del Concesionario, de los Contratistas o Subcontratistas)
B92: 43957 | F92: CAPÍTULO VI SANCIONES Y ESQUEMAS DE APREMIO. SECCION 6.1 (p)
C93: Observación: Teniendo en cuenta que algunos proveedores o trabajadores no tienen relación directa alguna para con la Concesión, se sugiere que sea incluido el aparte “Siempre que tenga relación directa.”
A94: 750 | B94: KMA CONSTRUCCIONES S.A.S. | C94: SECCION 6.1 (s) “Multa por no cumplimiento de los requisitos para la suscripción del Acta de Inicio: Si con posterioridad a la expedición de la Orden de Inicio en los términos señalados en la Parte General, el Concesionario no cumple con alguno de los requisitos de que trata la Sección 2.3(b) de la Parte General, se causará una Multa diaria hasta de veinte (20) salarios mínimos mensuales legales vigentes por cada Día transcurrido a partir de la fecha prevista para el cumplimiento de la obligación correspondiente. Para efectos de lo señalado en la Sección 10.2(c) de la Parte General, no habrá el término máximo de imposición”. | F94: Contrato Parte Especial. | G94: Jurídica | H94: No se acepta la solicitud del interesado, se informa que las multas previstas en la Parte Especial se causarán en el evento en que exista un hecho de incumplimiento imputable al Concesionario en ejecución del Contrato y la imposición de las mismas se regirá de acuerdo con lo señalado en el artículo 86 de la Ley 1474 de 2011 o las normas que lo modifiquen, complementen o sustituyan.
B95: 43957 | F95: CAPÍTULO VI SANCIONES Y ESQUEMAS DE APREMIO. SECCION 6.1 (s) | G95: técnica
C96: Observación: Teniendo en cuenta que el no cumplimiento de los requisitos de la suscripción del Acta de Inicio puede escapar al dominio y debida diligencia del Concesionario, se sugiere la inclusión de “Siempre que sea una situación atribuible a aquel”.
A97: 751 | B97: KMA CONSTRUCCIONES S.A.S. | C97: SECCION 6.1 (u) “Multa por no suscripción del Acta de Inicio de la Fase de Construcción: Si el Concesionario no suscribe el Acta de Inicio de la Fase de Construcción durante el plazo establecido en el Contrato, se causará una Multa diaria de hasta quince (15) salarios mínimos mensuales legales vigentes por cada Día transcurrido a partir de la fecha prevista en el Contrato para su suscripción. Esta multa no se causará cuando ocurra un Evento Eximente de Responsabilidad que impida la suscripción del Acta de Inicio de la Fase de Construcción”. | F97: Contrato Parte Especial. | G97: Jurídica | H97: No se acepta la solicitud del interresado, se informa que las multas previstas en la Parte Especial se causarán en el evento en que exista un hecho de incumplimiento imputable al Concesionario en ejecución del Contrato y la imposición de las mismas se regirá de acuerdo con lo señalado en el artículo 86 de la Ley 1474 de 2011 o las normas que lo modifiquen, complementen o sustituyan.
B98: 43957 | F98: CAPÍTULO VI SANCIONES Y ESQUEMAS DE APREMIO. SECCION 6.1 (u) | G98: técnica
C99: Observación: Teniendo en cuenta que la ANI cuenta con la herramienta de poder emitir una Orden de Inicio que supla el Acta de Inicio, no tiene sustento alguno la imposición de multa por tal concepto; en el evento de ratificar la causal, se sugiere que sea incluido en el texto de la misma que únicamente procede ésta por “situaciones atribuibles al Concesionario”.
A100: 752 | B100: KMA CONSTRUCCIONES S.A.S. | C100: SECCION 6.2 Valor de la Cláusula Penal: | F100: Contrato Parte Especial. | G100: Jurídica | H100: Se informa al interesado que no se acepta su observación. La Entidad considera que los valores establecidos son razonables de acuerdo con las condiciones del Proyecto y en todo caso están en cumplimiento con los límites establecidos en la ley para el efecto.
B101: 43957 | F101: CAPÍTULO VI SANCIONES Y ESQUEMAS DE APREMIO. SECCION 6.2
C102: Observación: En general se encuentra que los porcentajes allí determinados son sustancialmente altos de cara a la cuantía del Contrato.
A103: 753 | B103: KMA CONSTRUCCIONES S.A.S. | C103: SECCION 7.4 (c) (ii) “El valor del amparo mínimo es de Novecientos Treinta Y Cinco Mil Ciento Cuarenta Y Tres Millones Doscientos Ochenta Y Ocho Mil Ochenta Y Cuatro Pesos Del Mes De Referencia ($935.143.288.084)”. | F103: Contrato Parte Especial. | G103: Seguros | H103: Se acepta la observación, y se hará el ajuste para fijar el límite en el maximo que establece el Decreto 1082 de 2015, Artículo 2.2.1.2.3.1.17. Suficiencia del seguro de responsabilidad Civil Numeral 5 para fijarlo en un máximo valor de 75.000 SMMLV.
B104: 43957 | F104: CAPÍTULO VII GARANTÍAS
C105: Observación: El valor contemplado en la Operación y Mantenimiento no debería ser superior al que se encuentra contenido para la Fase de Pre Construcción, toda vez que el mayor riesgo que se pueda generar en la responsabilidad civil extracontractual opera propiamente en la construcción de las Unidades Funcionales, pues en esa Fase es cuando mayor cantidad de vehículos de construcción se encuentran en el corredor vial, originando así un riesgo para los usuarios de la misma, sin embargo, una vez se entre en la Operación de la misma, se tiene una vía que cumple con los índices de seguridad que demanda la Concesión y por lo tanto se reducen inmediatamente las posibilidades de tener incidentes de ese tipo. | F105: SECCION 7.4 (c) (ii)
C107: Aunado a lo anterior, es importante mencionar que los proyectos de Concesión conocidos como de cuarta generación, igualmente disponen que el amparo de la responsabilidad civil en la Fase de Operación y Mantenimiento es el mismo que el contemplado para la Construcción propiamente; de ahí la importancia que se mantenga esa proporción o igualdad en ambas Fases, tal como ha quedado ilustrado en el inciso que precede, así como porque de tener un amparo superior como se encuentra regulado, necesariamente repercute en el encarecimiento del proyecto y la disminución de posibilidades de llegar a ser objeto de un crédito el mismo.
A108: 754 | B108: KMA CONSTRUCCIONES S.A.S. | C108: SECCION 7.5 | F108: Contrato Parte Especial. | G108: Seguros | H108: Respecto a el valor asegurado corresponde con la suma de $115.151 millones de pesos del mes de referencia, de forma que se da cumplimiento al criterio de excepción al principio de indivisibilidad contenido en el Decreto 1082 de 2015, artículo 2.2.1.2.3.1.3, que admite la división por periodos contractuales. se hará la corrección de la suma asegurada para cada quinquenio. Se acepta y se corregirá. En cuanto a la Suficiencia de la garantía de seriedad de la oferta, El Decreto 1082 de 2015, Artículo 2.2.1.2.3.1.9. . Numeral 1 admite que para presupuestos entre 1 y 3 millones de SMMLV, como lo es este proyecto, la entidad admita garantías de seriedad de al menos el 2,5% y la cifra de 79.900 millones cumple con el requisito de ley. No se acepta la observacion. El valor asegurado para el seguro de responsabilidad civil tendrá un valor de 75.000 SMMLV. Es del caso anotar que el valor del riesgo por responsabilidad civil no tiene proporcionalidad ni hay estadísticamente un factor de correlación para vincular el valor de las etapas con el valor asegurado necesario, máxime cuando se trata de actividades peligrosas en desarrollo de construcción pesada. así las cosas se hará la corrección para establecer un valor único para el seguro de responsabilidad civil en el valor de 75.000 SMMLV en todos los momentos de la vigencia del contrato. Se acepta la observacion y se corregirá.
B109: 43957 | F109: CAPÍTULO VII GARANTÍAS
C110: Observación: En general, el valor de las pólizas tiene unos montos y amparos muy altos lo cual necesariamente hará que las primas de seguro sean sustancialmente altas, generando entonces que los costos del proyecto sean mayores para el mismo Estado Colombiano. Situación ésta que no solo hace que nos cuestionemos si los montos de las garantías y sus correspondientes primas se encuentran contenidas en el modelo financiero, así como si se valoraron las mismas de cara a la obtención de una financiación. | F110: SECCION 7.5
A111: 755 | B111: KMA CONSTRUCCIONES S.A.S. | C111: NUMERACIÓN DE PÁGINAS DEL CONTRATO PARTE ESPECIAL. | F111: Contrato Parte Especial. | G111: Jurídica | H111: Se informa al interesado que el documento publicado corresponde al Contrato Parte Especial en su totalidad. Por un error en la numeración dice que son 65 páginas, sin embargo, son sólo 52. Se procederá a ajustar la numeración en el documento definitivo.
B112: 43957
C113: Observación: Teniendo en cuenta que en el pie de página del documento se menciona que la última página del archivo es la página 52 de 65, merece la pena que se aclare si quedan pendientes apartes de regularse en el documento, o si por el contrario la numeración del mismo debe ajustarse.
A114: 756 | B114: Duran & Osorio Abogados Asociados, 6/05/2020 | C114: Seguro de Obras Civiles: el Contrato Parte General en la sección 12.8 (a) (i) establece que el seguro deberá cubrir el daño "independientemente de la causa que genere el daño". Esto no reconoce que usualmente hay exclusiones de reaseguro y de ley que no permitirán garantizar la indemnización independientemente de la causa del daño, motivo por el cual se sugiere modificar la redacción para que la póliza cubra los daños que pueda llegar a sufrir la infraestructura de dacuerdo con las condiciones establecidas en el apéndice financiero 3 | F114: Parte General | G114: Seguros | H114: Se recomienda al observador estudiar el apéndice financiero (AF POLIZA DE OBRAS CIVILES) que detalla el clausulado completo del seguro de obras civiles, que es una póliza especial y diseñada a la medida de los proyectos de ANI, en la que se detallan las únicas exclusiones que son validas. en la sección V. no hay fundamento cierto en la observación y por ello no se acepta.
A115: 757 | B115: Duran & Osorio Abogados Asociados, 6/05/2020 | C115: Seguro de Obras Civiles: Les solicitamos aclarar que para la infraetructura existente el valor del seguro pueda ser el de pérdida máxima probable o del 100% del valor de la infraestructura según se defina el concesionario con el mercado asegurador. | F115: Parte General | G115: Seguros | H115: Se acepta la observación, y en caso de tomarse el seguro con un valor asegurado que no acude a la limitación de sumas por PML, éste no será exigible
A116: 758 | B116: Duran & Osorio Abogados Asociados, 6/05/2020 | C116: Seguro de Obras Civiles: Les pedimos permitir que se generen sublimites comercialesa en esa póliza como es el LEG 3 y la de remoción de escombros. Esto dado que si se aplica lo consignado en la sección 12.7 no será comercialmente posible conseguir estos seguros. | F116: Parte General | G116: Seguros | H116: Se precisa que la expresión LEG 3,(London Engineering Group) corresponde a la categoría de exclusiones menos severas aplicables a seguros de todo riesgo obras civiles, así como la remoción de escombros y no al seguro de Responsabilidad civil, donde no hay limitaciones de la cubierta si el daño proviene de errores de diseño.
A117: 759 | B117: Duran & Osorio Abogados Asociados, 6/05/2020 | C117: Les solicitamos aclarar cual sería la garantía de lucro cesante que debe ser obtenida en los términos del apéndice financiero y especialmente cuales son las coberturas con que se deberá contar. | F117: Apéndice Financiero Póliza de Obras Civiles Sección I y II. | G117: Seguros | H117: Se le aclara al observador que el amparo de lucro cesante es opcional para la ANI en su calidad de contratante, y la decisión de tomar o no el amparo corresponde al concesionario, quien debe evaluar si es de su interes o si sus prestamistas le van a exigir esa cobertura, que en todo caso está a su disposición en la póliza de obras civiles, precisamente para guardar la forma como el mercado asegurador suele suscribir el amparo dentro del un seguro de daños.
A118: 760 | B118: Duran & Osorio Abogados Asociados, 6/05/2020 | C118: Maquinaria Amarilla: Les pedimos permitir en la sección 12.8 (b) que la garantía de maquinaria amarilla pueda ser tomado por el concesionario y/o por el Contratista EPC. | F118: Parte General | G118: Seguros | H118: Se acepta parcialmente la observación y se aclara que en caso de no operar la cobertura para el amparo de responsabilidad civil en estas pólizas, el riesgo deberá quedar amparado por el anexo de vehículos propios y no propios u operciones de maquinaria y equipos del seguro general de responsabilidad civil, dentro del cual los subcontratistas EPC no tiene la calidad de asegurados, amenos que se trate de los mismos socios del Concesionario
A119: 761 | B119: Duran & Osorio Abogados Asociados, 6/05/2020 | C119: Solicitamos a la ANI que ante un EER, se cubra por parte de la ANI los costos adicionales de seguros derivados del mayor plazo del contrato. Esto porque de acuerdo con lo estipulado en la sección 14.2 (f) (iii) se está trasladando una carga sobre una situación por fuera del control del concesionario. | F119: Parte General | G119: Seguros | H119: Se aclara al interesado que la definición de Evento Eximente de Responsabilidad abarca eventos objeto de cobertura, y eventos que no lo son. y en caso de ser necesario, como resultado de un EER, se otorgarán los plazos contractuales necesarios, pero la suscripción de seguros es una carga del contratista y no de la ANI, por lo tanto no se acepta la observación.
A120: 762 | B120: Duran & Osorio Abogados Asociados, 6/05/2020 | C120: Pédimos se permita incluir como asegurado adicional en la póliza de obras civiles al contratista EPC, quien estará desarrollando las obras y evitando así un doble aseguramiento. | F120: Apéndice Financiero Póliza de Obras Civiles Sección I y II. | G120: Seguros | H120: Se le aclara al observador que ni los contratistas ni los subcontratistas se incluyen en la cobertura en calidad de asegurados, lo que no quiere decir que cualquiera de sus actos carezca de cobertura. Todo lo contrario, todo cato de estos, incluido el dolo estará amparado como quiera que al no tener la calidad de asegurados, no tiene aplicación la restricción de que trata el artículo 1055 del Código de Comercio. sin perjuicio de lo anterior, los contratistas y subcontratistas diferentes al concesionario o contratista principal que si detenta la calidad de asegurado, podrán suscribir seguros para amarar su propio interés asegurable, sin invalidar la cobertura de responsabilidad civil. Se le recuerda al observador que lo que determina un doble seguro no es el aseguramiento del bien sino la concurrencia de interés asegurable, y que todo interés asegurable, aun recayendo sobre el mismo bien es objeto de aseguramiento; ver artículos 1083 y 1084 del Código de Comercio. De otra parte, en cuanto a la inclusión de prestamistas o financiadores en calidad de beneficiarios, debe tenerse encuentra que la infraestructura que desarrolla y opera el concesionario corresponde con los denominados bienes de uso público universal o bienes públicos del territorio, y su uso pertenece a todos los habitantes. El titular del derecho de dominio es la Nación y, en general, las entidades estatales correspondientes ejercen facultades especiales de administración, protección, control. Estos bienes se encuentran determinados por la Constitución o por la ley (art. 63 Superior).4° y están sujetos a un régimen jurídico por virtud del cual gozan de privilegios tales como la inalienabilidad, inembargabilidad e imprescriptibilidad, que los colocan por fuera del comercio. por esta razón no es legal que la indemnización sea subrogada a cosa hipotecada o dada en prenda para radicar en ella derechos de un acreedor del concesionario, que no tiene titularidad del bien como lo exige el artículo 1101 del Código de Comercio, con ocasión de eventuales indemnizaciones derivadas del daño amparado por el seguro, que en todo caso debe destinarse a su reconstrucción y recuperación y jamás al pago de las deudas del concesionario con sus prestamistas.
A121: 763 | B121: Duran & Osorio Abogados Asociados, 6/05/2020 | C121: Les pedimos aclarar que los endosos de los seguros a que se refieren en el apéndice son facultartivos. | F121: Apéndice Financiero Póliza de Obras Civiles Sección I y II. | G121: Seguros | H121: El contrato en su parte general numeral 12.3 Reglas Generales Aplicables a las Garantías, literal m) establece que no se podrá, mediante condición particular, reducir o modificar el alcance y las condiciones de los amparos, cláusulas y coberturas de cualquiera de los seguros y garantías expedidos conforme a lo previsto en el Contrato. Por lo tanto, si la reducción o modificación la solicitare el Concesionario sin consentimiento escrito por parte de la ANI la aseguradora no modificará la póliza y si lo hiciere, la reducción o modificación se tendrá por no escrita. De esta forma, si las cláusulas sugeridas por el observador, llegaren a incumplir este literal, no tendrán aplicación. De esta forma, los endosos previstos en la Póliza ANI de obras civiles, están disponibles para complementar las coberturas, si el Concesionario lo requiere, ya sea por negociaciones con sus aseguradores o con sus financiadores
A122: 764 | B122: Duran & Osorio Abogados Asociados, 6/05/2020 | C122: Seguro de RCE: Se solicita revisar los valores dado que están muy por encima del mercado, especialmente al aumentar para la etapa de O&M casí 5 veces cuando el riesgo es menor, llegando a un valor de 935 mil millones, a todas luces exagerado. Esto además excede la disposición legal del artículo 2.2.1.2.3.1.17 del decreto 1082 de 2015. | F122: Parte Especial | G122: Seguros | H122: En cuanto al seguro de responsabilidad civil El Decreto 1082 de 2015, Artículo 2.2.1.2.3.1.17. Suficiencia del seguro de responsabilidad Civil Numeral 5 establece un máximo valor de 75.000 SMMLV. Es del caso anotar que el valor del riesgo por responsabilidad civil no tiene proporcionalidad ni hay estadísticamente un factor de correlación para vincular el valor de las etapas con el valor asegurado necesario, máxime cuando se trata de actividades peligrosas en desarrollo de construcción pesada. En los estudios de riesgos se ha identificado que se ante eventos catastróficos con varias victimas; empleado y terceros, los montos de daños patrimoniales y extrapatrimoniales, pueden llegar a varios miles de millones de pesos, que las distribuciones de probabilidad muestran entre 2000 millones y 45.000 millones hasta por 3 desviaciones estándar. y eventos de cola que abarquen certeza con desviación de hasta de 4,5 desviaciones estándar, perfectamente pueden alcanzar valores de 75.000 SMMLV. Así las cosas se hará la corrección para establecer un valor único para el seguro de responsabilidad civil en el valor de 75.000 SMMLV en todos los momentos de la vigencia del contrato.
A123: 765 | B123: Duran & Osorio Abogados Asociados, 6/05/2020 | C123: Seriedad de la Oferta: Les pedimos que para la garantía de seriedad se permitan reasegurdores BBB-, como lo permiten por regulación en el REACOEX. Esto para permitir que las garantías sean reaseguradas por los agentes que a juicio de la Superintendencia Financiera son aceptables. | F123: Pliego de Condiciones | G123: Seguros | H123: La calificación de Reacoex es el mínimo legal que hasta la fecha no ha sido modificado y sigue siendo el requerido para los reaseguros automáticos. Para los reaseguros facultativos se hace una exigencia diferente, como quiera que son colocaciones específicas y sin que necesariamente tengan la tradición de llevar varios años de experiencia en el mercado colombiano de manera sostenida, como suele ocurrir con los reaseguros automáticos. Por este motivo se hace una exigencia de mejor calificación de riesgo. Así las cosas se acepta la observación parcialmente, para dejar establecido que si se trata de un reasegurador con vigencia inferior a dos años en el REACOEX, se exigirá que su nivel de riesgos esté en el siguiente nivel por encima de lo requerido en el REACOEX.
A124: 766 | B124: Duran & Osorio Abogados Asociados, 6/05/2020 | C124: Cumplimiento: Se solicita a la ANI eliminar la solicitud del ANEXO 21 CONDICIONES DE COLOCACIÓN DE LAS GARANTÍAS, eliminando no solo el Anexo 21, también el aparte al que hace referencia a este Anexo en el Numeral 4.1.14 (a) Tipos de garantías (i) Contrato de seguro contenido en una póliza “Adicionalmente, deberá venir acompañada de una certificación expedida por el asegurador en la que declare las condiciones de la colocación de la garantía (según el modelo que se adjunta al presente Pliegos como Anexo 21).”. Lo anterior por considerarse redundante ya que la Superintendencia Financiera de Colombia regula ya la materia de colocación de reaseguros de las compañías de seguros. | F124: Parte General | G124: Seguros | H124: No existe reglamentación de la Superintendencia Financiera sobre cómo o cuánto debe distribuirse del riesgo en Coaseguros, reaseguros facultativos o automáticos, más a allá de lo reglado por el artículo 2.31.1.3.1 en el Decreto 255 de 2010, sobre no asumir mas del 10% del patrimonio técnico del asegurador en un mismo riesgo, correspondiente al trimestre inmediatamente anterior a aquel en el cual se efectúe la operación. Para la ANI es fundamental conocer de la solidez financiera del instrumento de cobertura y dado que es factible combinar coaseguros, reaseguros facultativos y reaseguros automáticos, se desea tener conocimiento de cómo se hace esa mezcla y que sea estable en la vigencia, de forma que no sea alterada en detrimento de la calidad del respaldo financiero, lo cual se recoge en el anexo 21 citado en la observación. Por lo anterior, no se acepta la observación.
...

Sheet 780-2126
D3: SISTEMA INTEGRADO DE GESTIÓN | G3: Código: GCOP-F-006
D4: PROCESO | E4: GESTIÓN DE LA CONTRATACIÓN PÚBLICA | G4: Versión: 002
D5: FORMATO | E5: MATRIZ RESPUESTA A OBSERVACIONES | G5: Fecha: 06/05/2020
B6: RESPUESTA A OBSERVACIONES
C8: LICITACIÓN PÚBLICA No. VJ-VE-APP-IPB-001-2020
B9: En Bogotá D.C., a los cuatro días del mes de septiembre de 2020, la Agencia Nacional de Infraestructura, por medio del presente documento se permite dar respuesta a la observación allegada hasta la fecha, al VJ-VE-APP-IPB-001-2020 del proceso de selección de la referencia, en los siguientes términos:
B10: Se da respuesta a las observaciones allegadas al proyecto de pliego de condiciones del proceso de selección. Las modificaciones realizadas al pliego de condiciones y demás anexos y apéndices serán las contenidas en los documentos indicados, las cuales prevalecen sobre las respuestas a las observaciones.
B12: No. | C12: EMPRESA QUE OBSERVA | D12: OBSERVACIÓN REALIZADA | E12: RESPUESTA DE LA ENTIDAD | F12: DOCUMENTO O SECCIÓN QUE SE OBSERVA | G12: TIPO DE OBSERVACIÓN (TÉCNICA, JURÍDICA, FINANCIERA, ETC.)*
B13: 780 | C13: John Laing, 13/05/2020 | D13: Dado el alcance del contrato en respecto del Diseño geométrico y estudios de detalle definidos en los numerales 1.63 y 1.64 Parte General que modificarán los Estudios realizados por la ANI a nivel de factibilidad y que de conociendo que el grado de exactitud se los estudios de Fase II - Estudios de Factibilidad se encuentra entre el 75% y el 85%, solicitamos eliminar la limitación expresada en el numeral 6.3 de la Parte General. | E13: Se informa al interesado que no se acepta su observación en eliminar la limitación expresada. La sección 6.3. regula los eventos en los cuales el Concesionario realice modificaciones y/o adecuaciones a los Estudios de Factibilidad de Trazado y Diseño Geométrico. Estas modificaciones y/o adecuaciones podrán: (i) mantenerse dentro del área de la franja de terreno declarada de utilidad pública e interés social, caso en el cual la asignación de riesgos del Proyecto se mantiene; o (ii) sobrepasar, exceder o extenderse más allá de dicha franja de terreno, caso en el cual aplicará la asignación de riesgos prevista en la Sección 6.3 (b). Si bien el grado de exactitud de los Estudios puede incidir en estas modificaciones y/o adecuaciones, el Concesionario está en facultad de realizar las modificaciones y/o adecuaciones que estime pertinentes. | F13: Contrato Parte General sección 6.3 | G13: Técnica y Jurídica
B14: 781 | C14: John Laing, 13/05/2020 | D14: Se solicitar adicionar en las excepciones previstas en el numeral 6.3 (b) del Contrato Parte General, que en caso que el área de la franja de terreno del corredor vial del Proyecto que ha sido declarada de utilidad pública e interés social determinada en los Estudios de Factibilidad de Trazado y Diseño Geométrico entregados por la ANI; resulten insuficientes para poder cumplir con las Especificaciones Técnicas del contrato de acuerdo con los resultados de los Estudios de ingeniería de detalle para construcción de Fase III. | E14: Se informa al interesado que no se acepta su observación. La entidad considera que los eventos incluidos en la Sección 6.3 (b) del contrato son razonables y responden a las necesidades del Proyecto. | F14: Contrato Parte General sección 6.3 (b) | G14: Técnica y Jurídica
B15: 782 | C15: John Laing, 13/05/2020 | D15: En caso de negarse las peticiones anteriores, favor considerar la opción de compartir con la ANI el riesgo del numeral 13.2 a.(vii) del Contrato Parte General "Los efectos favorables y/o desfavorables derivados de los Estudios de Detalle y Estudios de Trazado y Diseño Geométrico o cualquier otro componente de diseño", dado que el Concesionario no podrá modificar el trazado y diseño geométrico fuera del área de la franja de terreno del corredor vial del Proyecto que ha sido declarada de utilidad pública e interés social determinada en los Estudios de Factibilidad de Trazado y Diseño Geométrico efectuados y aportados por la ANI el el marco de la Licitación | E15: Se aclara al interesado que la regulación establecida en la sección 6.3, no afecta a capacidad que tendrá el concesionario para realizar las optimizaciones de diseño, y tendrá la libertad para optimizar sus Estudios y Diseños dentro de la franja de utilidad establecida. Se recuerda al interesado que el Contrato de Concesión establece que los Estudios de Factibilidad de Trazado y Diseño Geométrico son de referencia. La condición planteada en el numeral 6.3 hace referencia a la franja declarada de utilidad pública obtenida en la estructuración del proyecto, y la variación que pueda presentarse en los Estudios de Trazado y Diseño Geométrico y los Estudios de Detalle que realice el concesionario respecto a la misma. Respecto a las condiciones asociadas a la franja de utilidad pública definidas en la sección contractual correspondiente, se aclara al interesado lo siguiente: - La intención de esta regulación es la de velar porque una modificación de este tipo no desborde de una manera desmedida los riesgos que asume la entidad (en especial lo referente a la adquisición predial, riesgos socioambientales, o de redes). - En ningún aparte del contrato se plantea que sea obligatorio implementar los Trazados elaborados por la Entidad. La condición planteada en el numeral 6.3 hace referencia a la franja de utilidad pública y la variación que pueda presentarse en los Estudios de Trazado y Diseño Geométrico y los Estudios de Detalle que realice el concesionario respecto a la misma. - Aunque tal y como se aclara en los numerales anteriores, la redacción observada se comporta como un límite más nunca como una restricción absoluta, la Entidad realizará algunos ajustes a esta regulación de manera tal que dicho límite sea más flexible. | F15: Contrato Parte General | G15: RIESGOS
B16: 783 | C16: John Laing, 13/05/2020 | D16: Solicitamos ajustar las formulas de Liquidación y Terminación anticipada del contratopara que en toda la vida del proyecto reconozcan el Equity aportado y todos los costos del proyecto independientemente de las fuentes disponibles. Equity aportadfo con posterioridad (Equity Contingente). | E16: Se informa al interesado que la Entidad realizó un ajuste al factor del límite del Equity (FAE). Nota: sin perjuicio de lo planteado en esta respuesta, solamente serán vinculantes las regulaciones efectivamente publicadas en los Pliegos del proceso licitatorio. | F16: Contrato Parte General numeral 18.3 Terminación Anticipada | G16: FINANCIERA
B17: 784 | C17: John Laing, 13/05/2020 | D17: El numeral 13.2 (a)(iv) establece que el Concesionario asumirá los efectos favorables y/o desfavorables variaciones en el valor estimado de las Compensaciones Socioambientales, sin embargo en el numeral 8.1 (c)(ii) se establece que el remanente de los recursos de la Subcuenta Compensaciones Socioambientales será de libre disposición de la ANI, siendo la única beneficiaria de la totalidad de los recursos remanentes y, por tanto, estos recursos se trasladarán a la Subcuenta Excedentes ANI. ¿Cuáles son los efectos favorables que asumiría el Concesionario por las variaciones en el valor estimado de las Compensaciones Socioambientales? | E17: Se modifica la respuesta en el siguiente sentido: Se informa al interesado que se ha modificado la distribución de los remanentes en esta subcuenta entre las Partes tal como se presentará en la minuta que acompañará los pliegos definitivos. | F17: Contrato Parte General | G17: RIESGOS
B18: 785 | C18: John Laing, 13/05/2020 | D18: En cualquier momento durante la ejecución del Contrato, el Concesionario deberá llevar a cabo, bajo el liderazgo de la ANI, la(s) nueva(s) consulta(s) previa(s) con las comunidades étnicas y afrodescendientes que sean certificadas por Autoridad Estatal competente o reconocidas mediante fallo judicial en firme en el área de influencia del Proyecto con posterioridad a la apertura del Proceso de Selección. Los costos que se generen como consecuencia de la Gestión Social y Ambiental para adelantar esta(s) nueva(s) consulta(s) previa(s) serán asumidos en su totalidad por el Concesionario. Los compromisos derivados de dichos acuerdos que sean protocolizados, serán asumido por las Partes en proporciones iguales (cincuenta por ciento 50%), simultáneamente, siempre y cuando no se originen con ocasión de lo previsto en la Sección 6.3 de esta Parte General. El reconocimiento de la porción a cargo de la ANI establecido en la presente Sección se efectuará aplicando lo previsto en la Sección 19.1 de esta Parte General. Lo anterior en línea con lo establecido en la Sección 13.3(c) de esta Parte General. Solicitamos a la ANI fijar un tope máximo a los compromisos derivados de dichos acuerdos que sean protocolizados, dado que es imposible asumir y presupuestar un evento futuro sin máxima cuantía (ilimitado). | E18: • Se informa al interesado que la Entidad ha tenido en cuenta su observación y realizará los ajustes correspondientes en el documento final. Para el caso concreto se establecerá un valor de referencia a partir del cual aplicará una compartición del riesgo por un sistema de bandas de manera análoga a los riesgo establecidos predial, ambiental y de redes, con lo cual se acotará a un tope máximo definido en el contrato la exposición al riesgo que asumirá el privado. | F18: Contrato Parte General numeral 8.1 Gestión Social y Ambiental (d) | G18: RIESGOS
B19: 786 | C19: John Laing, 13/05/2020 | D19: Por favor aclarar si las obligaciones para la vía Salida Palmira – Pradera, Salida Palmira – Candelaria, y para Intersección Sameco, previo a ser realizadas y/o una vez realizadas las obligaciones previstas y/o una vez entregada la infraestructura, se deben ejecutar obligaciones de Operación y/o Mantenimiento Rutinario y/o Mantenimiento Periódico. Así mismo por favor especificar el procedimiento de entrega, los tiempos y costos asociados. Por último por favor aclarar para cada caso la entidad a la cual se le hará la entrega de la mencionada infraestructura. | E19: Se aclara al interesado que los procedimientos y plazos de la Reversión Especial se definen en la Sección 3.10 de la Parte Especial e incluyen los tramos de Salida Palmira – Pradera, Salida Palmira – Candelaria, y la Intersección Sameco. Para estos tramos en mención la reversión se define en la fecha de la firma del Acta de Terminación de Unidad Funcional. Debe tenerse en cuenta que para todos los tramos con Reversión Especial se mantienen las obligaciones de Operación y Mantenimiento en la Etapa Preoperativa, y mientras se completa el proceso de Reversión Especial son aplicables las condiciones de Operación y Mantenimiento de la Sección 3.10 (c). Se aclara que con la Reversión Especial estos tramos serán revertidos a la ANI según las disposiciones de la Sección 3.10 de la Parte Especial. La ANI a su vez a través de acuerdos interadministrativos hará entrega de esos tramos a otras entidades municipales y departamentales según aplique. | F19: Apéndice Técnico 1 numeral 4.7 Infraestructura de Reversión Especial | G19: TÉCNICA
B20: 787 | C20: John Laing, 13/05/2020 | D20: Por favor aclarar si las obligaciones para Vía la Herradura – Matapalo y para la Vía la Villa Rica – Caloto, previo a ser realizadas y/o una vez realizadas las obligaciones previstas y/o una vez entregada la infraestructura, se deben ejecutar obligaciones de Operación y/o Mantenimiento Rutinario y/o Mantenimiento Periódico. Así mismo por favor especificar el procedimiento de entrega, los tiempos y costos asociados. Por último por favor aclarar para cada caso la entidad a la cual se le hará la entrega de la mencionada infraestructura. | E20: Acorde con la Sección 3.10 de la Parte Especial, las obras del Factor de Calidad estarán sujetas a la Reversión Especial, al momento de la firma del Acta de Terminación de Unidad Funcional a la que hagan parte de acuerdo a los términos del Apéndice técnico y la Parte Especial. Las obligaciones de estos tramos serán las dispuestas a la Etapa Preoperativa. El concesionario entregará la infraestructura de las obras del factor de Calidad, definida en la parte especial y el Apéndice Técnico, a la ANI, y esta a su vez a través de acuerdos interadministrativos hará entrega de esos tramos a otras entidades municipales y departamentales según aplique. Finalmente, en lo referente al Procedimiento de Verificación, se deberá cumplir con lo dispuesto en la Sección 4.17 de la Parte General. | F20: Apéndice Técnico 1 numeral 7.2 Factor de Calidad | G20: TÉCNICA
B21: 788 | C21: John Laing, 13/05/2020 | D21: (h) Subcuenta Depósito Especial del Recaudo. Solicitamos a la ANI evaluar la posibilidad que durante los años que tarde la recuperación económica del país, derivados de los impactos económicos de la pandemia actual COVID-19 o posteriores que se puedan o no presentar, se contemple con el objeto de mitigar el riesgo de tráfico que afectan al proyecto y por ende los ingresos para el Concesionario; la ANI se reserve el Treinta y Siete coma Veintiocho por ciento (37,28%) del total del Recaudo de Peaje obtenido de las Estaciones de Peaje del Proyecto, transferidas por el Concesionario (sección 3.7 dela Parte Especial). | E21: La Entidad se permite aclarar al interesado que incluye en el Contrato las figuras de Soporte de Ingreso y Evento de Restricción Vehicular que pretenden cubrir aquellos eventos señalados en su observación. Dicho lo anterior no se considera procedente su observación. | F21: Parte Especial numeral 4.5 Fondeo de Subcuentas del Patrimonio Autónomo. | G21: FINANCIERA
B22: 789 | C22: John Laing, 13/05/2020 | D22: Si la anterior solicitud no fuera tenida en cuenta, solicitamos a la ANI que con abse en los estudios de tráfico aportados en el marco del proceso licitatorio genere Línea base y active un mecanismo de compensación como el DR 8 para los primeros años del contrato y sucesivamente en caso de presentarse una nueva pandemia. | E22: La Entidad se permite aclarar al interesado que incluye en el Contrato las figuras de Soporte de Ingreso y Evento de Restricción Vehicular que pretenden cubrir aquellos eventos señalados en su observación. Dicho lo anterior no se considera procedente su observación. | F22: Parte Especial | G22: TRÁFICO
B23: 790 | C23: SENDA, 13/05/2020 | D23: El literal (b) del numeral 4.2.10 del Pliego de Condiciones indica: "Adjuntar una certificación de la entidad deudora, suscrita por el representante legal y el revisor fiscal o auditor o vicepresidente financiero, o su equivalente [...] en la que conste como mínimo (1) el monto del cierre financiero del endeudamiento otorgado o del valor colocado, (2) los valores y las fechas de los desembolsos o de la colocación, y (3) que el préstamo otorgado o el valor colocado corresponden de manera exclusiva al contrato de concesión de Proyectos de Infraestructura que se acredita; [...]" Teniendo en cuenta que este tipo de certificados normalmente son suscritos únicamente por el representante legal de la sociedad concesionaria (Entidad deudora) se solicita a la Entidad de manera atenta eliminar la previsión de que el citado certificado se presente suscrito por un revisor fiscal o equivalente. Lo anterior sustentado en que: - La legitimidad de los certificados no dependerá de que los mismos estén firmados por el revisor fiscal o equivalente. - La tramitación de nuevos certificados es casi imposible, no solo la formalidad que los mismos requieren en materia de apostillas y/o legalizaciones, sino además teniendo en cuenta que en muchos paises la figura de "revisor fiscal" no existe, las firmas auditoras no se prestan para suscribir certificados y en muchos casos el vicepresidente financiero o equivalente ya no se encuentra disponible para suscribirlos. | E23: Se informa al interesado que no se acepta su observación, la Entidad considera que la certificación de la entidad deudora deberá estar suscrita no sólo por el representante legal sino por el contador y/o revisor fiscal, para las sociedades que se encuentren obligadas por ley. | F23: Pliego de Condiciones | G23: Financiera
B24: 791 | C24: SENDA, 13/05/2020 | D24: El numeral 3.1.1 del Pliego de Condiciones indica que podrán participar en la presente licitación personas naturales y/o juridicas nacionales o extranjeras, estás últimas representadas a través de un Apoderado domiciliado en Colombia conforme el literal (a) del numeral 4.1.4 de los pliegos, teniendo en cuenta que dichas sociedades no están constituidas en Colombia. El numeral 4.3.1 del Pliego de Condiciones indica que para acreditar la capacidad financiera los oferentes deberán suscribir el Anexo 10A suscrito por: "(i) el representante legal del proponerte individual o representante legal del integrante de una estructura plural que acredite Capacidad Financiera; (ii) el contador o vicepresidente financiero o por quien ostente la facultad para suscripción del anexo indicado de conformidad con el certificado de existencia y representación legal o los estatutos o su equivalente tratándose de proponentes extranjeros y (iii) por el Revisor Fiscal, para las sociedades que se encuentren obligadas por ley o el Auditor en los demás casos". Teniendo en cuenta lo antes expuesto, se solicita a la Entidad eliminar la previsión que indica que el Anexo 10A se presente suscrito por el contador o vicepresidente financiero o equivalente, teniendo en cuenta que para el caso de las sociedades extranjeras su apoderado es quien cuenta con todas las facultades para suscribir todos y cada uno de los formatos de la Licitación, como se verá legitimado en el poder a él otorgado. Al respecto, no tiene sentido que las sociedades extranjeras tengan un apoderado con amplias facultades para ser representadas en la Licitación, y que los formatos de las mismas deban ser suscritos por personal en su país de origen, ya que esto vulneraria lo preceptuado en el Decreto 019 de 2012 en lo concerniente a la ejecución de trémites administrativos innecesarios para las partes. | E24: Se informa al interesado que no se acepta su observación. El Anexo 10A deberá ir suscrito por: (i) el representante legal del proponerte individual o representante legal del Integrante de una Estructura Plural que acredite Capacidad Financiera; y (ii) por el contador público y/o Revisor Fiscal, para las sociedades que se encuentren obligadas por ley | F24: Pliego de Condiciones | G24: Financiera
... B27: 794 | C27: SENDA, 13/05/2020 | D27: Entendemos que el Acuerdo de Garantía (Anexo No. 3) solamente deberá ser suscrito por el oferente o en caso de estructuras plurales por el integrante que acredite la Experiencia en Inversión y o la Capacidad Financiera, así mismo entendemos que si estos requisitos son acreditados por el integrante a traves de terceros (matriz, sociedades controladas) éstos no deberán suscribir el Anexo No. 3. Favor confirmar que nuestro entendimiento es correcto. | E27: Se informa al interesado que su entendimiento no es correcto, el Anexo No. 3 deberá ser presentado cuando se acredite la Experiencia en Inversión y/o Capacidad Financiera a través de matriz, sociedad controlada o sociedad controlada por la matriz del Oferente o Integrante del Oferente y deberá ser suscrito de acuerdo con lo señalado en el Pliego de Condiciones y en el referido anexo. | F27: Pliego de Condiciones | G27: Jurídica
B28: 794.1 | C28: Dentons Cárdenas & Cárdenas | D28: Financiación- Compromiso en firme | E28: Se aclara al interesado que el compromiso en firme, tal y como su nombre lo indica es un compromiso por parte de los financiadores que aunque usualmente esté sujeto al cumplimiento de ciertas condiciones ya habrá implicado el proceso de aprobaciones con los financiadores a diferencia de la certificación anterior la cual únicamente implica una intención de financiación. | G28: Jurídica
F29: Parte General - Sección 3.8(a)(i)
D30: Esta sección del contrato dispone lo siguiente: “Préstamos Bancarios: El Concesionario deberá aportar a) el contrato de crédito suscrito y/o b) un compromiso en firme sobre la financiación emitido por el Prestamista (o el banco líder, agente administrador o similar, en caso de créditos sindicados) o el agente de manejo del crédito que contenga al menos lo siguiente: (i) valor del crédito; (ii) acreedor; (iii) garantías; (iv) plazo para el pago; (v) tasa; (vi) condiciones para el desembolso (…)”
D32: Por favor aclarar a qué se refieren con un compromiso “en firme” sobre la financiación para certificar el cierre financiero, y en qué se diferenciaría de la certificación que se solicitaba para el cierre financiero de los proyectos de 4G. Consideramos que los bancos podrían emitir una carta de compromiso sujeta a la aprobación final de los comités de crédito, la celebración final de los contratos de financiación y al cumplimiento de las condiciones precedentes estándares para este tipo de financiaciones. Entendemos que “compromiso en firme” se refiere a una certificación en este sentido. Favor confirmar nuestro entendimiento.
B34: 795. | C34: Dentons Cárdenas & Cárdenas | D34: Plazo para el Cierre Financiero | E34: Se informa al interesado que se amplió el plazo del cierre financiero y se modificó la forma de acreditación así: 3.8 (b) En el caso que el Concesionario opte por presentar en el plazo del Cierre Financiero la certificación emitida por el(los) Prestamista(s) indicada en la Sección 3.8(a)(i) de esta Parte General, el Concesionario contará con el plazo establecido en la Parte Especial contando desde la fecha de suscripción del Acta de Inicio de la Fase de Construcción para presentar el contrato de crédito suscrito o una certificación emitida por el(los) Prestamista(s) en la que conste que el contrato de crédito fue suscrito, que contenga al menos lo siguiente: (i) valor del crédito; (ii) acreedor; (iii) garantías; (iv) plazo para el pago; (v) tasa; (vi) condiciones para el desembolso. | G34: FINANCIERA
F35: Parte Especial – Capítulo II –Tabla de Referencias a la Parte General
D36: La sección 3.8 (a) de la Parte Especial dispone lo siguiente: “El plazo para que el Concesionario presente la totalidad de la documentación para acreditar el Cierre Financiero es de trescientos sesenta (360) Días contados desde la Fecha de Inicio.” | F36: Sección 3.8(a)
D38: Tenemos los siguientes comentarios y solicitudes:
D40: (i) Consideramos que el plazo de 360 días para el Cierre Financiero no es suficiente, por lo que amablemente solicitamos que se otorgue un plazo mucho mayor. Destacamos que, en los Contratos 4G la inmensa mayoría de los proyectos obtuvieron Cierre Financiero entre 2 o 4 años después de las respectivas fechas de inicio. En otras palabras, si ese hubiese sido el parámetro en los contratos 4G prácticamente ningún concesionario hubiese cumplido con dicha obligación.
D42: (ii) Adicionalmente, los 360 días para acreditar el Cierre Financiero en los términos que lo solicita la ANI no guardan correspondencia con los plazos para realizar los Giros de Equity a los que se refiere la Sección 4.4 del Borrador de la Parte Especial. De hecho, el 97% aproximadamente de la totalidad de los Giros de Equity se debe realizar dentro de los mismos 360 días, con lo cual es claro que varios o todos esos Giros de Equity se realizarán con recursos de los socios del proyecto y no con financiación.
D44: (iii) Solicitamos considerar la posibilidad de que el plazo para que el Concesionario presente la totalidad de la documentación para acreditar el Cierre Financiero se cuente a partir de la fecha en la que se suscriba el Acta de Inicio de la Fase de Construcción, y no a partir de la Fecha de Inicio. Lo anterior en la medida en que, para obtener compromisos en firme de financiadores, éstos requieren que todos los requisitos para dar inicio a la construcción se hayan cumplido, lo cual se puede acreditar con el Acta de Inicio de la Fase de Construcción. En la Fecha de Inicio todavía hay varios temas esenciales que están pendientes, tales como las Licencias Ambientales, Estudios de Trazado y Diseño, etc.
B47: 796. | C47: Dentons Cárdenas & Cárdenas | D47: Plazo de nueve meses para presentar contrato de crédito | E47: Se informa al interesado que se amplió el plazo del cierre financiero y la forma de acreditación así: 3.8 (b) En el caso que el Concesionario opte por presentar en el plazo del Cierre Financiero la certificación emitida por el(los) Prestamista(s) indicada en la Sección 3.8(a)(i) de esta Parte General, el Concesionario contará con el plazo establecido en la Parte Especial contando desde la fecha de suscripción del Acta de Inicio de la Fase de Construcción para presentar el contrato de crédito suscrito o una certificación emitida por el(los) Prestamista(s) en la que conste que el contrato de crédito fue suscrito, que contenga al menos lo siguiente: (i) valor del crédito; (ii) acreedor; (iii) garantías; (iv) plazo para el pago; (v) tasa; (vi) condiciones para el desembolso. | G47: FINANCIERA
F48: Parte General - Sección 3.8 (c)
D49: El contrato, en la sección 3.8 (c) de la Parte General dispone lo siguiente: “En el caso que el Concesionario opte por presentar en el plazo del Cierre Financiero el compromiso en firme indicado en la Sección 3.8(a)(i)(b) de esta Parte General, el Concesionario tendrá un plazo de nueve (9) Meses contados desde la fecha de suscripción del Acta de Inicio de la Fase de Construcción para presentar el contrato de crédito suscrito.
D51: Solicitamos eliminar el requisito de presentar el contrato de crédito firmado dentro de los 9 meses siguientes contados desde la suscripción del Acta de Inicio de la Fase de Construcción. Consideramos que no hay razón alguna para esta solicitud. El Concesionario asume el riesgo de la financiación del Proyecto, así que mientras esté en cumplimiento del Contrato de Concesión y las obras y demás actividades se estén ejecutando como es debido, la ANI no debería intervenir en la forma en la que se está financiando el Proyecto, ya sea mediante Equity o créditos puente (bridge loans) mientras se obtiene la financiación de largo plazo.
D53: Entendemos que el riesgo de financiación es totalmente transferido al concesionario. Por tanto, la mitigación del mismo corresponde a los desarrolladores del proyecto y la incapacidad de obtener el financiamiento no debe ser una razón para que los desarrolladores no cumplan con sus obligaciones bajo el contrato de concesión.
D55: Entendemos que el objetivo es asegurar el adecuado fondeo del proyecto para una exitosa construcción del mismo, pero en otros países de la región (Perú u Argentina) hemos visto que este tipo de cláusulas han afectado a los proyectos negativamente.
D57: Para la implementación de este tipo de cláusulas aconsejamos revisar la experiencia de mercados como Canadá y la Unión Europea. En tales casos, la autoridad ha obtenido todos los permisos ambientales, sociales y se dispone de los predios necesarios con anterioridad a la publicación de la licitación.
D59: Destacamos que la misma ANI señala en la Sección 3.8 (h) de la Parte General del Contrato de Concesión que “La obligación del Concesionario de financiar el Proyecto no se agota ni se entiende cumplida con la obtención del Cierre Financiero” con lo cual no se entiende la finalidad de la ANI de incluir cláusulas tan restrictivas y exigentes en materia de Cierre Financiero.
B61: 797. | C61: Dentons Cárdenas & Cárdenas | D61: Posibles multas al concesionario durante la toma de posesión | E61: Se acoge la observación, y en ese sentido, se indicará en el texto del Contrato Parte General: "En relación con las Multas y Sanciones: “A partir de la Notificación para Toma o de la Notificación Derecho de Toma, según corresponda, no se impondrán nuevas Multas o Sanciones. Esta estipulación solo tendrá aplicación hasta el Día siguiente de A) la comunicación o entendimiento de que los Prestamistas no tienen interés en tomar posesión del Proyecto o B) la Notificación de no aprobación del nuevo concesionario o accionista del Concesionario por parte de la ANI." | G61: Jurídica
F62: Minuta del Contrato. Parte General. Sección 3.12 (c)
D63: Entendemos que a partir de la notificación para toma de posesión o de la notificación del derecho de toma de posesión, no habrá lugar a la imposición de multas al concesionario, ni al inicio de procesos sancionatorios para imponerlas. Solicitamos confirmar nuestro entendimiento y si así es, dejarlo expreso en el contrato de concesión. Este es un aspecto importante para la bancabilidad del proyecto.
B65: 798. | C65: Dentons Cárdenas & Cárdenas | D65: Sanciones diferentes a las multas | E65: No se acoge la observación, toda vez que las figuras de sanción y de multa tienen naturalezas diferentes y aunque las mismas son consecuencias derivadas de incumplimientos obligacionales, mientras que la multa persigue conminar al cumplimiento de obligaciones que pueden ejecutarse (subsanables), la sanción deviene como consecuencia de una transgresión contractual definitiva o no subsanable. Ambas figuras (multa y sanción) que lo que persiguen es la cabal y oportuna ejecución contractual. | G65: Jurídica
F66: Minuta del Contrato. Parte General. Numeral 1.112 y Capítulo X
D67: El numeral 1.112 define “Sanción” como “las penas pecuniarias por incumplimientos definitivos e insubsanables del Contrato, cuya finalidad es la de sancionar al Concesionario por tales incumplimientos, las cuales podrán ser impuestas al Concesionario por la ANI, de conformidad con este contrato, en especial el CAPÍTULO X de esta Parte General, y en respeto de lo previsto en la Ley Aplicable”.
D69: Comentarios:
D71: (i) Entendemos que la única “Sanción” prevista en el Contrato de Concesión, según los términos de la definición mencionada, es la cláusula penal consagrada en la sección 10.6. Favor confirmar nuestro entendimiento.
D73: (ii) Si hubiere otras Sanciones, por favor precisar cuáles son y solicitamos que se les fije un límite o tope máximo como lo tienen las multas y la cláusula penal.
B74: 799. | C74: Dentons Cárdenas & Cárdenas | D74: Compensación por imposibilidad de recaudar peajes, elusión y otros. | E74: • Se informa al interesado lo siguiente: 1. Se considera que el periodo establecido es necesario para la adecuada identificación, activación y procedimientos de presupuestación de la Entidad respecto a la compensación asociada a los eventos de: no instalación de peaje, reubicación de casetas de peaje, demora en la entrega de las estaciones de peaje existentes, y elusión. Por lo cual no se considera procedente modificar el plazo establecido. 2. la Entidad considera que la regulación respecto a la compensación del riesgo de elusión acota adecuadamente el mismo toda vez que: (i) el procedimiento es suficientemente claro, (ii) los plazos y periodicidades en los que aplican la compensación se encuentran clara y explícitamente definidos en el contrato, lo cual debería permitir a los oferentes y financiadores realizar los dimensionamientos respectivos asociados a estos eventos, y (iii) la compensación salvo el primer trimestre del evento, se realiza trimestralmente mientras subsista el riesgo y dicha compensación tiene como fuente última los recursos del fondo de contingencias. Por lo mismo se considera que el procedimiento es adecuado de acuerdo con los términos señalados en la Sección 3.3. (g) y (h). 3. Se informa al interesado que no se acepta su observación. La ANI considera que el reconocimiento del 90% del recaudo esperado es suficiente y razonable de acuerdo con las necesidades del Proyecto adicional a que este tipo de eventos conllevan indirecta e implícitamente ahorros en la operación. | F74: Minuta del Contrato. Parte General Sección 3.3(g) y 3.3(h) | G74: Financiera
D76: La Sección 3.3(g) consagra una compensación a cargo de la ANI cuando se haga imposible el recaudo de peajes, cuando se demuestre la Elusión y otros. Respecto a este punto, nos permitimos hacer las siguientes observaciones y solicitudes:
D78: i) Solicitamos que se elimine el término de 90 días durante el cual no se generará compensación alguna a cargo de la ANI. Al tratarse de un proyecto cuyo único ingreso será el tráfico, este lapso tendrá un impacto en el flujo de caja y en la liquidez del proyecto y en general en la bancabilidad del mismo. Además, si dichos 90 días aplican por cada evento de los allí referidos en toda la duración del Contrato de Concesión y se materializan los mismos 4 o 5 veces, puede ocurrir que no haya ningún tipo de compensación para el Concesionario por periodos de 180 o 360 días o más, lo cual no se compadece con una distribución razonable de riesgos en materia de tráfico.
D80: ii) El proceso para probar la elusión o afectación del tráfico no implica que la retribución por parte de la ANI no pueda ser retroactiva. Este aspecto puede llevar a que los financiadores requieran mayores cuentas de reserva, lo que puede afectar la viabilidad del proyecto.
D82: iii) En lo que respecta al porcentaje que se le reconocerá al Concesionario por la compensación, consideramos que la ANI debe reconocer, en todos los casos, el 100% del recaudo esperado cuando suceda cualquiera de estas causales, y no solo el 90% establecido en esta Sección, por las mismas razones ya señaladas.
B84: 800. | C84: Dentons Cárdenas & Cárdenas | D84: Elusión | E84: 1. Se informa al interesado que no se acepta su observación. La ANI reconocerá una compensación por menor Recaudo de Peaje en eventos de Elusión si la circunstancia se mantiene por más de 90 días contados desde el Día que se declare formalmente la Elusión por parte de la ANI través del acto administrativo correspondiente. Esto quiere decir que será el Día en el cual se considere que existió la Elusión según el acto administrativo. Dicho acto administrativo será expedido por la ANI en un plazo razonable de acuerdo con las necesidades del caso. 2. Se informa al interesado que no se acepta su observación. La ANI considera que los requisitos señalados en el Contrato para demostrar la elusión son suficientes y razonables. 3. Se informa al interesado que dicha información es pública y podrá ser consultada por cada uno de los Oferentes en cumplimiento de su obligación de debida diligencia. 4. Se informa al interesado que no se acepta su observación. Adicionalmente, se aclara que se realizó un ajuste en la definición del mismo como se presenta a continuación: "Se entiende como el uso legítimo de Nuevas Vías Públicas que no fueron contempladas durante la etapa de estructuración y hasta la apertura del Proceso de Selección del Proyecto y que tenga como efecto el no paso por las Estaciones de Peaje. No se entenderá como Elusión el uso de las vías que se listen en la Parte Especial, ni el uso ilegítimo de cualquier otra vía alterna utilizada por parte de los usuarios del Proyecto.", Lo cual acota incertidumbres asociadas a un evento que pudiese materializarse en el plazo del proceso licitatorio. Al respecto es importante tener en cuenta que el Concesionario efectuará los controles tanto de infraestructura como de Operación, y coordinación con la Policía de Carreteras para evitar la elusión por vías ilegítimas. | F84: Minuta del Contrato. Parte General. Numeral 3.3(h)(i)(4) | G84: FINANCIERA
D86: Consideramos que la regulación en el contrato del concepto de “Elusión” hace muy difícil que el Concesionario pueda tener acceso a la compensación correspondiente y por tanto afecta negativamente la bancabilidad del proyecto. Con el fin de que la Elusión sea un mecanismo efectivo, solicitamos respetuosamente lo siguiente: | F86: 1.55 Parte General y Especial
D88: i) Que se elimine la necesidad de un acto administrativo para su reconocimiento, pues su expedición podría tardar meses. Si no se acepta esta observación, solicitamos que se indique cuál es el procedimiento previo para la expedición del acto administrativo correspondiente y los tiempos para su expedición.
D90: ii) Que se aligere la carga probatoria a cargo del concesionario para demostrar la Elusión, pues tal como está planteada hace casi imposible su cumplimiento.
D92: iii) En aras de la claridad, solicitamos que se identifiquen plenamente los proyectos excluidos mencionados en la sección 1.55 de la parte Especial, que señala lo siguiente: “ (…)También se excluyen del concepto de Elusión los proyectos que se encuentran incorporados en el/los Plan/es de Ordenamiento Territorial o Departamental pertinentes, así como los que se encuentran registrados en el RUAPP y su prefactibilidad ha sido aprobada o se hayan contratado la estructuración pública por parte de entidades estales al momento de la recepción de Ofertas dentro del Proceso de Selección del Proyecto.”
D94: iv) Que se incluya dentro del concepto de Elusión el “… uso ilegítimo de cualquier otra vía alterna utilizada por parte de los usuarios del Proyecto.” No vemos razón para excluir el uso de vías ilegítimas, que puede ser una causa importante de la elusión.
B95: 801. | C95: Dentons Cárdenas & Cárdenas | E95: (i) Se refiere a obtener otras fuentes de recursos y no se restringe a Recursos de Deuda, en este contexto se explica que se haga referencia a la Sección 3.1(b). Estos recursos, tal como lo expresa la misma Sección 3.14(g)(ix) son "para la inversión en vías adaptadas y resilientes al cambio climático por concepto de restauración ambiental e infraestructura verde aplicable al Proyecto..." e implican "una fuente de financiación externa por conceptos de cooperación internacional o acuerdos de cooperación...". Esta regulación busca facilitar esas cooperaciones o acuerdos, y no se enmarca en las condiciones de los Recursos de Deuda ii) - (iii) -(iv) El entendimiento no es correcto, las obligaciones de la Sección 5.3 del Apéndice Técnico 6 respecto al Programa de Aporte Sostenible – Mitigación del Cambio Climático son obligatorias para el Concesionario, a su cuenta y riesgo de ejecución en términos de tiempo y recursos (humanos, técnicos y económicos), así como las consecuencias de su incumplimiento. Se aclara que en este apartado no se hace referencia a la Subcuenta Cambio Climático. En línea con lo aclarado anteriormente estos recursos no se consideran recursos de Deuda por lo que tendrán la implicación mencionada. En línea con lo aclarado anteriormente estos recursos no se consideran recursos de Deuda ni Equity por lo que tendrán la implicación mencionada. | F95: Minuta del Contrato. Parte General: | G95: TÉCNICA
D96: Obligaciones en materia de cambio climático. | F96: Sección 3.14(g)(ix), 4.2 (ee),
D98: La Subcuenta Cambio Climático, está definida de la siguiente manera: | F98: Anexo Técnico 6 Ambiental - Sección 5.3
D100: “La Subcuenta Cambio Climático se creará en el momento que el Concesionario obtenga fuentes de financiación diferentes a las descritas en la Sección 3.1(b) de esta Parte General para la inversión en vías adaptadas y resilientes al cambio climático por concepto de restauración ambiental e infraestructura verde aplicable al Proyecto, en el marco de lo dispuesto en la Ley 1931 de 2018 y en las condiciones dispuestas en el Apéndice Técnico 6. De llegarse a concretar una fuente de financiación externa por conceptos de cooperación internacional o acuerdos de cooperación los aportes deben ser consignados a la Subcuenta Cambio Climático.”
D102: El Anexo Técnico 6 consagra la obligación a cargo del Concesionario de “Desarrollar un programa de aporte sostenible destinado a contrarrestar el cambio climático y a promover la gestión del riesgo, el cual involucre las comunidades que hacen parte del área de influencia del proyecto.” Y ese mismo anexo señala que “El Concesionario realizará proyectos tendientes a la reducción de emisiones de gases de efecto invernadero GEI, en el marco de la Ley 1931 del 27 de julio de 2018 y de los actos administrativos que lo complementen, reglamenten o sustituyan, a través de la implementación del “Programa de Aporte Sostenible”. El cumplimiento de este programa será requisito obligatorio para el Concesionario y se encontrará a cuenta y riesgo su ejecución en términos de tiempo y recursos (humanos, técnicos y económicos), así como las consecuencias de su incumplimiento.”
D104: Tenemos los siguientes comentarios y solicitudes:
D106: (i) La Sección 3.1(b) a la que hace referencia la sección 3.14 (g) (ix) no se refiere a fuentes de financiación sino a fuentes de la Retribución, por lo que solicitamos que se precise a qué se refiere esta Sección cuando habla de “fuentes de financiación diferentes”.
D108: (ii) Entendemos que el Contrato de Concesión está poniendo en cabeza del Concesionario ciertas obligaciones de naturaleza ambiental al requerir la implementación de un “Programa de Aporte Sostenible”, cuyo costo deberá ser asumido por el Concesionario y fondeado mediante fuentes de financiación diferentes a las descritas en la Sección 3.1(b) de la Parte General. En consecuencia, entendemos que el costo de la implementación del Programa de Aporte Sostenible no podría ser cubierto con los ingresos del Proyecto. Favor confirmar nuestro entendimiento.
D110: (iii) Si nuestro entendimiento es correcto, consideramos que esta obligación no debería ser atribuida al Concesionario, ya que se trata de actividades adicionales que no serán compensadas con la Retribución del Proyecto.
D112: (iv) En nuestra experiencia en proyectos similares, los acuerdos de financiación no permiten fuentes de financiación distintas a las directamente relacionadas con el proyecto (para este caso, ingresos de Peajes y Explotación Comercial). Generalmente Project Finance limita obtener deuda adicional, más aún en proyectos con riesgo de tráfico que tienen mayor volatilidad en los flujos de caja.
B114: 802. | C114: Dentons Cárdenas & Cárdenas | D114: Entrega de la Infraestructura | E114: Es importante resaltar que la Entrega de la Infraestructura es una obligación de la ANI, con la cual se suscribirá el Acta de Inicio y, por tanto, dará inicio a la ejecución del Contrato que, de acuerdo con la Sección 2.3(b) el Contrato Parte General, será 30 días hábiles siguientes a la suscripción del mismo. De igual forma el Contrato Parte Especial, en la Tabla de Referencias, Sección 2.3 (b (ix), establece lo siguiente, Para el presente Proyecto se exige como requisito adicional para la suscripción del Acta de Inicio o expedición de la Orden de Inicio del Contrato, la Entrega de la totalidad de la Infraestructura descrita en las Secciones 3.6 y 3.7 de esta Parte Especial . Adicionalmente, la ANI ya le comunicó al INVIAS la necesidad de contar con la infraestructura del proyecto que se encuentra a su cargo. Sumado a esto, ya se encuentran en proceso de firma los Convenios de Entrega de infraestructura con los municipios de Jamundí, Santiago de Cali y Palmira, así como con las Gobernaciones de Cauca y Valle del Cauca. De acuerdo a lo indicado anteriormente, los plazos contractuales, se encuentran planteados de tal forma que la entrega de la infraestructura se dé sin contratiempos, dicho lo anterior es responsabilidad del privado incluir dentro de sus estudios las estimaciones financieras asociadas el estado de la infraestructura, razón por la cual este riesgo deberá ser asumido por el, tal como se indica en la Sección 13.2 (a) (xvii del Contrato Parte General. Por tal motivo no es procedente su observación. | G114: Jurídica
D116: La sección 1.56 define Entrega de la Infraestructura de la siguiente manera: “La Entrega de la Infraestructura se entenderá realizada con la suscripción del Acta de Inicio o la expedición de la Orden de Inicio y comprenderá la entrega de las obras y Predios existentes en el estado en que se encuentren que se incorporarán en el Inventario de Activos de la Concesión correspondientes a cada una de las Unidades Funcionales. La Entrega de la Infraestructura se someterá al contenido de las resoluciones y demás actos expedidos por las Autoridades Estatales. Ni al momento de la Entrega de la Infraestructura ni en momento alguno de la ejecución del Contrato, el Concesionario podrá incluir reserva, condicionamiento, objeción u observación alguna relacionada con el estado de la infraestructura entregada, en tanto es obligación del Concesionario recibirla en el estado en que se encuentre (…)”
F117: Minuta del Contrato. Parte General Secciones
D118: La sección 4.2 (a) consagra la siguiente obligación a cargo del concesionario: “Recibir la infraestructura del Proyecto en concesión, en la fecha que señale la ANI, incluyendo las Estaciones de Peaje, las Estaciones de Pesaje y toda aquella infraestructura asociada, en el estado en el que esta se encuentre sin objeción alguna y asumir, desde su recibo, todas las obligaciones de resultado que se prevén en el presente Contrato y sus Apéndices.” Similar disposición está contendida en la sección 3.6 de la Parte Especial: “El Concesionario no podrá incluir ningún tipo de reserva, condicionamiento, objeción u observación, al momento de la Entrega de la Infraestructura ni en momento alguno de la ejecución del Contrato, relacionada con el estado de la infraestructura entregada, en tanto es obligación del Concesionario recibirla en el estado en que se encuentre.” | F118: 1.56 y 4.2(a)
D120: Según la sección 3.6(f) de la Parte Especial, la infraestructura correspondiente a tres unidades funcionales será entregada 18 meses a partir de la firma del Acta de inicio de la Fase de Construcción y aquella correspondiente a una cuarta unidad funcional será entregada 12 meses a partir de la firma del Acta de inicio de la Fase de Construcción. Es decir, el concesionario recibirá esta infraestructura a los dos o tres años de presentada su oferta. | F120: Parte Especial Sección 3.6(f)
D122: Tenemos las siguientes observaciones:
D124: Habrá entonces una infraestructura que se entregará unos pocos meses después de presentada la oferta y otra que se entregará años después. Así las cosas, este riesgo, de tener que recibir la infraestructura sin objeción o reserva alguna, no es razonable y no puede ser asumido por el oferente y eventual concesionario. Además del deterioro normal de este tipo de infraestructuras, en los meses y años siguientes a la presentación de la oferta puede suceder algún suceso imprevisto que afecte las condiciones de la infraestructura, que puede implicar unos costos mucho mayores a aquellos que razonablemente se pueden prever en la fase de oferta. Debemos resaltar que esto genera una alta incertidumbre sobre los costos del proyecto, por lo que se puede afectar su bancabilidad. Por lo anterior, solicitamos se autorice al Concesionario a objetar las condiciones en las que se encuentra la infraestructura al momento de recibirla y que se le reconozcan los costos adicionales que generen las intervenciones imprevistas derivadas del estado de la vía al momento de su entrega.
B126: 803. | C126: Dentons Cárdenas & Cárdenas | D126: Entrega de la Infraestructura | E126: Se informa al interesado que no se acepta su observación, toda vez que el el fondeo de la subcuenta con estos recursos para este evento es la única condición que permite mantener el equilibrio económico del contrato ante la exclusión de alguno de estos tramos puesto que la remuneración de los mismos están incluidos dentro del VPIP bien sea por la ejecución de los tramos o por el fondeo de la subcuenta. | G126: Jurídica
F127: Parte Especial Sección 3.6(g)
D128: En la Sección 3.6(g) de la Parte Especial se establece que “En el evento en que la entrega de la infraestructura anteriormente descrita no ocurra en los plazos máximos previstos, los Predios, obras e intervenciones asociadas al tramo no entregado se entenderán automáticamente excluidos del objeto de esta Contrato y no harán parte del alcance del proyecto, por lo cual cesarán las obligaciones del Concesionario respecto del(los) tramos(s) así excluido(s). En este escenario, el monto del costo de la infraestructura a intervenir asociada a las intervenciones del(los) tramos(s) excluido(s), según detalla en la anterior tabla, será trasladados por el Concesionario a la Subcuenta Excedentes ANI actualizando los valores a pesos corrientes usando la fórmula de la Sección 3.9 de la Parte General, en los siguientes plazos”
D130: Comentarios:
D132: No se entiende la razón por la que el Concesionario tenga que trasladar los recursos por las intervenciones que tendría que hacer a estos tramos a la Subcuenta de Excedentes ANI, si la Sección 3.6(g) es clara al indicar que estos tramos quedarán excluidos del objeto y alcance del Contrato. Por lo anterior, solicitamos que se eliminen las disposiciones que obligan al Concesionario a depositar recursos en la Subcuenta de Excedentes ANI por obras que no realizará si no se le entrega la infraestructura.
B133: 804. | C133: Dentons Cárdenas & Cárdenas | E133: Se informa al interesado que no se acepta su observación. El valor de los aportes que debe hacer el Concesionario a la Subcuenta Interventoría y Coordinación se encuentran detallados en la Sección 4.5 (d) de la Parte Especial. En todo caso, el Concesionario está obligado a realizar fondeos adicionales en el monto correspondiente al plazo adicional. Los eventos en los que el Concesionario debe cumplir con esta obligación son reducidos y razonables de acuerdo con las necesidades del Proyecto por lo que la ANI no considera necesario hacer el ajuste solicitado. | F133: Minuta del Contrato. Parte General 4.10(i), 10.2(b) y 19.3(d) | G133: Jurídica
D134: Mayores costos de interventoría
D136: Estas secciones del contrato establecen los casos en los que el Concesionario está obligado a realizar fondeos adicionales a la Subcuenta de Interventoría y Supervisión:
D138: - Plazo adicional sin sanciones
D139: - Cuando el otorgamiento del Plazo de Cura implique la ampliación del plazo de la Fase de Preconstrucción o del plazo máximo del Plan de Obras por Unidad Funcional descrito en la Parte Especial.
D140: - Obras voluntarias (para el seguimiento y control de la obra voluntaria)
D142: Tenemos las siguientes observaciones:
D144: Consideramos que esta es una obligación cuyo costo es indeterminado y de imposible cálculo previo y que por lo tanto dificulta la bancabilidad del proyecto. Es necesario tener presente que el contrato de interventoría se firma con posterioridad a la suscripción de este contrato de concesión, y en todo caso después de presentadas las ofertas, por lo que los oferentes interesados en resultar adjudicatarios del contrato de concesión, no conocen el valor de dicho contrato de interventoría. En este mismo sentido, destacamos que el contrato de la interventoría (bien sea a través de uno o varios contratos subsecuentes) debería estar vigente durante toda la duración del contrato de concesión, por lo que no se observa qué costos adicionales habría en estos supuestos.
D146: Además, no hay manera de saber de antemano cuántos meses adicionales de interventoría va a ser necesario cubrir. A la vista de lo anterior, solicitamos que se eliminen estas obligaciones, dado que ponen una carga al Concesionario de difícil cálculo al presentar su oferta.
B148: 805. | C148: Dentons Cárdenas & Cárdenas | E148: se informa al interesado que teniendo en cuenta que el Concesionario es el principal ejecutor y representante del Proyecto, le corresponde al Concesionario con apoyo de la Entidad, adelantar la gestión social y ambiental de las consultas previas. Así mismo, se informa al interesado que la regulacion frente a la proporcion en que cada parte asumira este riesgo fue objeto de ajuste en la minuta, ajuste que se podrá evidenciar con la publicación de pliego de condiciones definitivo | F148: Minuta del Contrato. Parte General. Numerales 8.1 (d) 13.2(a)(iii) y | G148: Jurídica
D149: Nuevas Consultas Previas
D151: Uno de los riesgos asignados al Concesionario corresponde a “Los (iii) efectos favorables y/o desfavorables derivados de los costos y las demoras en la gestión para la obtención de las Licencias Ambientales, Planes de Manejo Ambiental, conceptos y demás permisos de carácter ambiental, así como las gestiones, costos y demás actividades derivadas de los acuerdos de nuevas consultas previas con la comunidades étnicas y/o afrodescendientes y que sean requeridos durante la ejecución del Proyecto…”. | F151: Apéndice Técnico 1, capítulo IX sobre obligaciones de las Consultas Previas
D153: Y la sección 8.1 (d) dispone: “En cualquier momento durante la ejecución del Contrato, el Concesionario deberá llevar a cabo, bajo el liderazgo de la ANI, la(s) nueva(s) consulta(s) previa(s) con las comunidades étnicas y afrodescendientes que sean certificadas por Autoridad Estatal competente o reconocidas mediante fallo judicial en firme en el área de influencia del Proyecto con posterioridad a la apertura del Proceso de Selección. Los costos que se generen como consecuencia de la Gestión Social y Ambiental para adelantar esta(s) nueva(s) consulta(s) previa(s) serán asumidos en su totalidad por el Concesionario. Los compromisos derivados de dichos acuerdos que sean protocolizados, serán asumidos por las Partes en proporciones iguales (cincuenta por ciento 50%), simultáneamente, siempre y cuando no se originen con ocasión de lo previsto en la Sección 6.3 de esta Parte General. El reconocimiento de la porción a cargo de la ANI establecido en la presente Sección se efectuará aplicando lo previsto en la Sección 19.1 de esta Parte General. Lo anterior en línea con lo establecido en la Sección 13.3 (c) de esta Parte General.”
D155: Tenemos las siguientes observaciones:
D157: La normatividad vigente en materia de asociaciones público privadas (“APP”), en especial el artículo 39 de la ley 1682 de 2013, determina que, a partir de noviembre de 2016, uno de los requisitos para abrir la licitación de un proyecto de APP de iniciativa pública (como el presente) es el de “haber concluido el proceso de consulta previa con la respectiva comunidad hasta su protocolización, si procede la misma”. Entendemos que esta tarea se realizó durante la estructuración del proyecto, toda vez que en el Apéndice Técnico 1 se indica que se realizó la consulta con tres (3) comunidades en dos (2) unidades funcionales, consultas que fueron protocolizadas y en las que se llegaron a ciertos acuerdos cuyo cumplimiento deberá iniciarse una vez se obtengan las licencias ambientales correspondientes. Adicionalmente, en el capítulo IX del mencionado Apéndice Técnico 1, se establece que “para las demás Unidades Funcionales el Ministerio del Interior certificó que no hay presencia de Comunidades Étnicas en el área de influencia”.
D159: Comentarios:
D161: Así, teniendo en cuenta que la ley pone en cabeza de la ANI la obligación de concluir el proceso de consultas previas antes de abrir la licitación, consideramos que el riesgo de tener que hacer consultas previas adicionales con posterioridad a la celebración del contrato, debe ser asumido por la ANI. Se trata de una obligación a cargo del Estado por expresa disposición legal. Adicionalmente, la incertidumbre en esta materia y las implicaciones en costos de posibles consultas previas adicionales, dificulta la bancabilidad del proyecto. De hecho, en varios de los proyectos 4G una de las principales dificultades para obtener oportunamente los cierres financieros fue la incertidumbre asociada a las consultas previas, incluso y en varios casos, los concesionarios tuvieron que realizar consultas previas luego de que el respectivo proyecto contaba con licencia ambiental, lo cual de ningún modo puede ser atribuible al concesionario.
D163: Solicitudes:
...

Sheet 2127-3075
C3: SISTEMA INTEGRADO DE GESTIÓN | F3: Código: GCOP-F-006
C4: PROCESO | D4: GESTIÓN DE LA CONTRATACIÓN PÚBLICA | F4: Versión: 002
C5: FORMATO | D5: MATRIZ RESPUESTA A OBSERVACIONES | F5: Fecha: 06/05/2020
A9: RESPUESTA A OBSERVACIONES
B11: LICITACIÓN PÚBLICA No. VJ-VE-APP-IPB-001-2020
A12: En Bogotá D.C., a los cuatro días del mes de septiembre de 2020, la Agencia Nacional de Infraestructura, por medio del presente documento se permite dar respuesta a la observación allegada hasta la fecha, al VJ-VE-APP-IPB-001-2020 del proceso de selección de la referencia, en los siguientes términos:
A13: Se da respuesta a las observaciones allegadas al proyecto de pliego de condiciones del proceso de selección. Las modificaciones realizadas al pliego de condiciones y demás anexos y apéndices serán las contenidas en los documentos indicados, las cuales prevalecen sobre las respuestas a las observaciones.
A16: No. | B16: EMPRESA QUE OBSERVA | C16: OBSERVACIÓN REALIZADA | D16: RESPUESTA DE LA ENTIDAD | E16: DOCUMENTO O SECCIÓN QUE SE OBSERVA | F16: TIPO DE OBSERVACIÓN (TÉCNICA, JURÍDICA, FINANCIERA, ETC.)* | G16: 123
A17: 2127 | B17: Durán & Osorio Abogados Asociados, 22/05/2020 | C17: Entendemos que varios Fondos de Capital Privado pueden respaldar la participación de un mismo Oferente o un mismo Integrante de la Estructura Plural. En este caso, entendemos que cada uno de los fondos puede presentar de forma independiente su Compromiso Irrevocable de Inversión y que la suma de dichos Compromisos Irrevocables de Inversión es la que debe dar como mínimo el valor establecido en el numeral 4.3.6(a)(i) del Pliego de Condiciones (y por lo tanto no se exigirá que cada uno de los Compromisos Irrevocables de Inversión sea por el valor establecido en dicho numeral 4.3.6(a)(i)). Adicionalmente, entendemos que ocurre lo mismo con el valor autorizado por el comité de inversiones para aportar como capital al SPV (numeral 4.6.2(d)). Así, en caso de que se presenten varios Compromisos Irrevocables de Inversión para respaldar a un mismo Oferente o Integrante de Estructura Plural, el valor autorizado deberá corresponder como mínimo al valor comprometido en el Compromiso Irrevocable de Inversión de dicho Fondo de Capital Privado y no al establecido en el numeral 4.3.6(a)(i) del Pliego de Condiciones. Les agradecemos confirmar nuestro entendimiento. En caso que nuestro entendimiento no sea correcto, solicitamos modificar el Pliego de Condiciones aclarando: (i) que es posible que un Integrante de la Estructura Plural presente respaldo de varios Fondos de Capital Privado a través de varios Compromisos Irrevocables de Inversión; (ii) que, en este caso, los Compromisos Irrevocables de Inversión deban sumar entre ellos como mínimo el valor establecido en el numeral 4.3.6(a)(i) del Pliego de Condiciones -y por lo tanto no se exigirá que cada uno de los Compromisos Irrevocables de Inversión sea por el valor establecido en el numeral- y (iii) que la regla establecida en el numeral (ii) anterior aplica también al valor autorizado por el comité de inversiones para aportar como capital al SPV, al que se refiere el numeral 4.6.2(d) del Pliego de Condiciones. | D17: Se informa al interesado que se tendrá en cuenta su observación y se realizará el ajuste correspondiente. | E17: Proyecto de Pliego de Condiciones Numerales 4.6.1 y 4.6.2(d) | F17: Financiera Jurídica | G17: respuesta enviada por reina el 28 de junio
A18: 2128 | B18: Durán & Osorio Abogados Asociados, 22/05/2020 | C18: Solicitamos que se aclare en el Pliego de Condiciones que se entienden matrices no sólo quienes ejercen control directo sobre el Oferente o cualquiera de sus Integrantes, sino que se entiendan en este concepto también quienes ejercen el control indirecto (es decir quien es controlante de la controlante del Oferente o el Integrante respectivo). Esto, teniendo en cuenta que existen estructuras societarias y grupos empresariales que tienen varias sociedades/fondos y demás y al final quien concentra toda la experiencia es una gran matriz que controla todo el grupo empresarial. Para esto, proponemos que en el numeral 1.3.41 se establezca que son matrices quienes “ejerzan control directo o indirecto sobre el Oferente o cualquiera de sus Integrantes, en los términos del numeral 4.4 de este Pliego”. | D18: Se precisa al interesado que el control podra ser indirecto unicamente en los terminos indicados en el pliego de condiciones, esto es, en el evento el que se acredita capacidad financiera o experiencia en inversión a traves de las sociedades controladas por las matrices del proponente o del integrante de la estructura plural del proponente. Adicionalmente se aclara que en el proceso de selección se tendrá en cuenta únicamente la presunción de control establecida en el numeral 1 del artículo 261 del Código de Comercio Colombiano. | E18: Proyecto de Pliego de Condiciones Numeral 1.3.41 | F18: Financiera Jurídica | G18: respuesta enviada por luz elena el 6 de julio
A19: 2129 | B19: Durán & Osorio Abogados Asociados, 22/05/2020 | C19: Solicitamos que se aclare en el Pliego de Condiciones que se entienden matrices no sólo las personas naturales o jurídicas (de naturaleza societaria o no societaria) sino que también entran en este supuesto los Fondos de Capital Privado. Esto, teniendo en cuenta que existen estructuras societarias y grupos empresariales que tienen este tipo de Fondos como principales accionistas y que en algunas jurisdicciones estos fondos no cuentan con personalidad jurídica, excluyendo a estos grupos de participar en las mismas condiciones de los demás (aplicando la regla del 4.4). Para esto, proponemos que se aclare en el numeral 1.3.41 que Matrices “Son las personas naturales o jurídicas (de naturaleza societaria o no societaria) y Fondos de Capital Privado (…)”. | D19: Se informa al interesado que no se acepta su observación, la definición de "Matriz" o "Matrices" se ajusta a la regulación del Pliego de Condiciones y en todo caso, el Pliego de Condiciones permite la participación de los Fondos de Capital Privado de acuerdo con lo establecido en la Sección 4.6 del mismo | E19: Proyecto de Pliego de Condiciones Numeral 1.3.41 | F19: Financiera Jurídica | G19: respuesta enviada por luz elena el 2 de septiembre
A20: 2130 | B20: Durán & Osorio Abogados Asociados, 22/05/2020 | C20: Solicitamos que se aclare que el control al que se refieren los numerales 1.341 y 4.4.2(a) se puedan ejercer de forma individual o conjunta. De esta manera, si una sociedad cuenta con dos accionistas que, por ejemplo, tienen el 33% de participación cada uno, pero de forma conjunta ejercen el control sobre dicha sociedad (ya sea porque existe un acuerdo, o, en caso de Fondos de Capital Privado porque son dirigidos por el mismo gestor o fund manager) se pueda recurrir a éstos para la acreditación de Requisitos Habilitantes conforme al numeral 4.4 del Pliego de Condiciones. Siendo así, proponemos: (i) que en el numeral 1.3.41 se aclare que es matriz quien ejerce “control individual o conjunto sobre el Oferente o cualquiera de sus Integrantes, en los términos del numeral 4.4 de este Pliego”; y (ii) que en el numeral 4.4.2(a) se aclare que “Se considerará que habrá situación de control únicamente cuando se verifique que quien se considera controlante o Matriz con respecto a la sociedad controlada tiene, de forma individual o conjunta, más del cincuenta por ciento (50%) de su capital social”. Esta solicitud es acorde con el Código de Comercio colombiano, que establece que “Una sociedad será subordinada o controlada cuando su poder de decisión se encuentre sometido a la voluntad de otra u otras personas que serán su matriz o controlante” (Artículo 260, modificado por el artículo 26 de la Ley 222 de 1995) y que “Igualmente habrá subordinación, para todos los efectos legales, cuando el control conforme a los supuestos previstos en el presente artículo, sea ejercido por una o varias personas naturales o jurídicas de naturaleza no societaria (…)”(Artículo 260, Parágrafo 1, modificado por el artículo 26 de la Ley 222 de 1995). | D20: Se informa al interesado que no se acepta su observación. El Oferente que pretenda acreditar Requisitos Habilitantes a través de sociedades controladas, sociedades controladas por su matriz o por su matriz, sólo podrá acreditar control por participación accionaria debidamente registrado. No se permitirá acreditar control conjunto. | E20: Proyecto de Pliego de Condiciones Numeral 1.3.41 y 4.4.2(a) | F20: Financiera Jurídica | G20: respuesta enviada por luz elena el 2 de septiembre
A21: 2131 | B21: Durán & Osorio Abogados Asociados, 22/05/2020 | C21: Solicitamos que se aclare en el Pliego de Condiciones que se puede acreditar experiencia de las sociedades controladas, directa o indirectamente por las Matrices del Oferente u Integrante, de la misma forma que se permite para sociedades que son controladas por el Oferente o Integrante (numeral (i) del párrafo del numeral 4.4.1 del Pliego). Esto, teniendo en cuenta que existen estructuras societarias y grupos empresariales que tienen varias sociedades holding y al final quien concentra toda la experiencia es una gran matriz que controla todo el grupo empresarial. Para esto, proponemos que en el numeral 4.4.1 se establezca que “Se podrán acreditar los Requisitos Habilitantes relativos a Capacidad Financiera y/o Experiencia en Inversión con la experiencia de (i) sus sociedades controladas (directa o indirectamente), (ii) de sus Matrices, o (iii) de sociedades controladas (directa o indirectamente) por sus Matrices”. | D21: Se informa al interesado que no se acepta su observación. El Oferente que pretenda acreditar Requisitos Habilitantes a través de sociedades controladas, sociedades controladas por su matriz o por su matriz, sólo podrá acreditar control por participación accionaria. No se permitirá acreditar control indirecto. | E21: Proyecto de Pliego de Condiciones Numeral 4.4.1 | F21: Financiera Jurídica | G21: respuesta enviada por luz elena el 2 de septiembre
A22: 2132 | B22: Durán & Osorio Abogados Asociados, 22/05/2020 | C22: Solicitamos que en los casos en que se vaya a acreditar la experiencia de sociedades controladas de una Matriz, se permita presentar la certificación a la que se refiere el numeral (3) del numeral 4.4.2(b)(ii) del Pliego de Condiciones suscrita conjuntamente por los representantes legales del Oferente (o los Integrantes de la Estructura Plural) y de la Matriz respectiva. Esto permitiría que en caso que se vaya a presentar experiencia de sociedades controladas indirectamente por la Matriz, se pueda presentar únicamente una certificación de la Matriz con las composiciones de su grupo de controladas, sin necesidad de acudir al representante legal de cada una de dichas sociedades controladas. Esto reduciría la necesidad de presentar documentación innecesaria. Para esto, proponemos que en el numeral (4) del numeral 4.4.2(a)(ii) del Pliego de Condiciones se establezca que se podrá acreditar este requisito “(4) mediante certificación expedida conjuntamente por los representantes legales del Oferente (o los Integrantes de la Estructura Plural) y de la Matriz de la sociedad que acredita el Requisito Habilitante, legalizada a través de declaración hecha ante autoridad competente para recibir declaraciones juramentadas en la respectiva jurisdicción; (…)”. De no permitirse lo anterior, solicitamos que se permita acreditar la situación de control con los estados financieros de quien es controlante, toda vez que dichos documentos se consideran idóneos y por lo general reflejan la situación de control. | D22: Se informa al interesado que no se acepta su observación. El Oferente que pretenda acreditar Requisitos Habilitantes a través de sociedades controladas, sociedades controladas por su matriz o por su matriz, sólo podrá acreditar control por participación accionaria debidamente registrado. No se permitirá acreditar control conjunto. | E22: Proyecto de Pliego de Condiciones Numeral 4.4.2(a)(ii) | F22: Financiera Jurídica | G22: respuesta enviada por luz elena el 2 de septiembre
A23: 2133 | B23: Durán & Osorio Abogados Asociados, 22/05/2020 | C23: Solicitamos que se permita como unico condicionamiento en el Compromiso Irrevocable el que se adjudique el Contrato al Oferente o Integrante de la Estructura Plural que se está respaldando. Lo anterior teniendo en cuenta que la inversión no será necesaria en caso que a quien se está respaldando no resulte adjudicatario. | D23: Se informa al interesado que no se acepta su observación, el requisito del Pliego de Condiciones se encuentra en concordancia con lo establecido en el artículo 2.2.2.1.1.3 del Decreto 1082 de 2015. | E23: Proyecto de Pliego de Condiciones Numeral 4.6.2 ( e) | F23: Financiera Jurídica | G23: respuesta enviada por reina el 04 de julio
A24: 2134 | B24: Durán & Osorio Abogados Asociados, 22/05/2020 | C24: El numeral 4.6.8(d) del Pliego de Condiciones establece que los Fondos de Capital Privado que respalden a Oferentes deberán acreditar, entre otros, el siguiente requisito: (d) El Fondo de Capital Privado deberá (i) haberse constituido antes de la Fecha de Cierre de la Licitación Pública (es decir que para el caso colombiano se deberá haber radicado el reglamento en la Superintendencia Financiera de Colombia y obtenido el número para reportar información a la Superintendencia, además para los extranjeros se deberá haber constituido el vehículo) (ii) y tener en sus objetivos de inversión, la inversión en proyectos de infraestructura. Lo anterior será certificado por la sociedad administradora del Fondo o su fund manager si el fondo es extranjero. Al respecto, entendemos que para los Fondos de Capital Privado extranjeros no es aplicable el requisito de “haber radicado el reglamento en la Superintendencia Financiera de Colombia y obtenido el número para reportar información a la Superintendencia”, pues éstos son trámites que sólo son exigibles a los Fondos de Capital Privado colombianos (en especial considerando que los Fondos de Capital Privado extranjeros no son vigilados por la Superintendencia Financiera de Colombia). De esta manera, entendemos que el único requisito de constitución de un Fondo de Capital Privado extranjero que se debe certificar es el de “haber constituido el vehículo”. Les agradecemos confirmar nuestro entendimiento. En caso que nuestro entendimiento no sea correcto, solicitamos modificar el numeral 4.6.8(d) para aclarar que los requisitos de “haber radicado el reglamento en la Superintendencia Financiera de Colombia y obtenido el número para reportar información a la Superintendencia”, no son exigibles a los Fondos de Capital Privado extranjeros. Para esto, proponemos la siguiente redacción: (d) El Fondo de Capital Privado deberá (i) haberse constituido antes de la Fecha de Cierre de la Licitación Pública (es decir que para el caso colombiano se deberá haber radicado el reglamento en la Superintendencia Financiera de Colombia y obtenido el número para reportar información a la Superintendencia, mientras que para los extranjeros se deberá haber constituido el vehículo) (ii) y tener en sus objetivos de inversión, la inversión en proyectos de infraestructura. Lo anterior será certificado por la sociedad administradora del Fondo o su fund manager si el fondo es extranjero. | D24: Se informa al interesado que los Fondos de Capital Privado extranjeros deberán acreditar: (i) que se constituyeron antes de la Fecha de Cierre de la Licitación Pública (es decir, se deberá haber constituido el vehículo) y (ii) que tienen en sus objetivos de inversión, la inversión en proyectos de infraestructura. | E24: Proyecto de Pliego de Condiciones Numeral 4.6.8(d) | F24: Financiera Jurídica | G24: respuesta enviada por reina el 04 de julio
A25: 2135 | B25: Durán & Osorio Abogados, 26/05/2020 | C25: Luego de una revisión detallada de la información contenida en de la carpeta 0 referente a los ‘Estudios y diseños parte general’ del proyecto ‘Malla vial del Valle del Cauca’ dentro del Banco de Datos de la Agencia Nacional de Infraestructura, se informa sobre la necesidad de incluir los archivos de toma de información con el fin de realizar la adecuada validación de la información presentada. A continuación, se presenta una lista con el código de la carpeta sobre la que se hace referencia junto con la documentación considerada como necesaria para el propósito del estudio. • Carpeta 0AI281: Directorio de links de los puntos de toma de información. En este sentido, se solicita a la ANI incluir en el cuarto de datos los puntos de toma de información y cualquier otra información que pueda estar faltando y sea necesaria para un estudio completo de las características del proyecto. | D25: Se informa al ineresado que se incluirá la información de aforos en el Cuarto de Información de Referencia, especialmente en la Carpeta 0AI2-11. Es importante precisar que esta información estará disponible a título meramente informativo acorde con las condiciones de la Sección 1.7 Cuarto de Información de Referencia del Pliego de Condiciones. | E25: Cuarto de Datos, Carpeta =AI281; Direccionamiento dentro del DataRoom es: 5G>N_Malla_vial_Valle_ACP>0>0A>0AI>0AI2>0AI27>0AI27>0AI281 | F25: Técnica | G25: respuesta enviada por juan camilo el 28 de agosto
A26: 2136 | B26: Durán & Osorio Abogados, 26/05/2020 | C26: En el capítulo 3 del documento referido se presentan los indicadores que le aplicarán al Concesionario para cada UF. Por su parte, el capítulo 6 indica que para la UF0 "Se hará la medición de los Indicadores a partir de la suscripción del Acta de Inicio u Orden de Inicio" y la tabla 4 del mismo capítulo señala el valor para ponderar cada Indicador para efectos del cálculo del Índice de Cumplimiento por UF. Sin embargo, consideramos que la tabla no es lo suficientemente clara y no se tiene más elementos para distinguir los indicadores que aplican desde la Etapa Preoperativa y los que aplican desde la Oeración y Mantenimiento. En este sentido, solicitamos amablemente a la Entidad ajustar la información del Apéndice Técnico 4 aclarando que indicadores se aplican para cada Etapa. Sugerimos que para mayor claridad de los Interesados y, posteriormente del Concesionario y de la Interventoría, se tenga una tabla con los Indicadores que se miden durante la Etapa Preoperativa y una tabla distinta para los Indicadores que se medirían durnate la Etapa de Operación y Mantenimiento. | D26: Se informa al interesado que se acepta su observación, por tanto se actualizará el Apendice Técnico No. 4 - Indicadores, haciendo los ajustes aclarando los indicadores que se medirán en la Etapa Preoperativa y su respectivos valores de aceptación El documento se publicara con los Pliegos de Condiciones Definitivos. | E26: Apéndice Técnico 4: Indicadores de disponibilidad, seguridad, calidad y nivel de servicios | F26: Técnica | G26: respuesta enviada por juan camilo el 6 de julio
A27: 2137 | B27: Durán & Osorio Abogados, 26/05/2020 | C27: Favor ajustar la referencia que se hace en la Sección 4.5(i)(i) del Contrato Parte Especial a la Parte General en la medida en que la sección citada no existe. | D27: Se informa al interesado que se tendrá en cuenta su observación y se realizará el ajuste correspondiente. | E27: Contrato Parte Especial - Sección 4.5(i)(i) | F27: Financiera | G27: respuesta enviada por reina el 28 de junio
A28: 2138 | B28: Durán & Osorio Abogados, 26/05/2020 | C28: Frente a lo establecido en la Tabla de Referencias de la Parte Especial del Contrato en la Sección 3.14(h)(iv)(2) que reglamenta la Subcuenta de Recaudo Peaje de la Cuenta ANI y específicamente con lo que se refiere a los recursos provenientes del Recaudo de Peaje, entendemos que en primer lugar se debe fondear la Subcuenta de Depósito Especial con el 37.38% del total del Recaudo de Peaje, en segundo lugar, se hace el fondeo de la subcuenta de la UF 0 creada dentro de la Subcuenta de Recaudo de Peaje con el 20.33%sobre la misma base. En tercer lugar, se debe hacer el fondeo de la Subcuenta de Contingencias hasta alcanzar el valor establecido en la Parte Especial y, finalmente, con los recursos remanentes despues de hacer los primeros tres fondeos, se debe fondear las Subcuentas creadas para las demás UF dentro de la Subcuenta de Recaudo de Peaje. En este sentido paras la UUFF -distintas de la cero (0)-, les pedimos aclarar cual será la base de calculo. | D28: La Entidad aclara al interesado que conforme a los estipulado en la Tabla de Referencia del Contrato Parte Especial 3.14 (h) (iv)(2), se especifica el orden y los montos para el fondeo de la Subcuenta de Recaudo de Peaje. En este sentido, el porcentaje establecido para el fondeo de la Unidad Funcional 0, aplicará sobre los recursos que hayan quedado disponibles, luego de haber realizado el fondeo a la Subcuenta de depósito Especial. Posteriormente y una vez atendido el fondeo de la Unidad Funcional 0, con los recursos remanentes, se fondeará la Subcuenta de Contingencias hasta alcanzar el monto señalado o la fecha máxima y finalmente, con el remanente del Recaudo de Peaje con los porcentajes destinado a las demás Unidades Funcionales con base en la estipulado en la sección 4.1 de la Parte Especial. Dicho lo anterior, la Entidad realizará los ajustes pertinentes para dar la claridad necesaria en este punto. | E28: Contrato Parte Especial - Sección 3.14(h)(iv)(2) de la Tabla de Referencias | F28: Financiera | G28: reina el 2 de septiembre
A29: 2139 | B29: KMA CONSTRUCCIONES S.A.S.,26/05/2020 | C29: SECCION 2.1 OBJETO "El presente Contrato de concesión bajo un esquema de asociación público-privada de Iniciativa Pública en los términos de la Ley 1508 de 2012, tiene por objeto el otorgamiento de una concesión para que de conformidad con lo previsto en este Contrato, el Concesionario, por su cuenta y riesgo, lleve a cabo el Proyecto. El alcance físico del Proyecto se describe en la Parte Especial y en el Apéndice Técnico 1." Observación: Al respecto se propone que en virtud de la Ley 1508 de 2012 la redacción del objeto del contrato suprima la palabra Concesión y para evitar problemas de interpretación teniendo en cuenta los términos de la misma en la Ley 80 de 1993. Conforme lo anterior sugerimos que la redacción sea " Contrato de asociación público - privada de la iniciativa pública (o privada) en los términos de la Ley 1508 de 2012". | D29: Se informa al interesado que no se considera necesario realizar el ajuste sugerido, el Contrato Adjudicado será un contrato de concesión bajo el esquema de asociación público privada de iniciativa pública, de conformidad con el articulo 2 de la ley 1508 de 2012 | E29: Contrato Parte General. CAPITULO II SECCION 2.1 OBJETO | F29: Jurídica | G29: respuesta enviada por luz elena el 2 de septiembre
A30: 2140 | B30: KMA CONSTRUCCIONES S.A.S.,26/05/2020 | C30: "Ajustes a la minuta en materia de retribución, gestión y adquisición predial" Observación: Es importante lograr incorporar y ajustar los acuerdos a que se llegaron con la CCI en asuntos relacionados con el procedimiento de verificación de entrega de unidad funcional, la gestión y adquisición predial y la retribución del concesionario. | D30: Se informa al interesado que la ANI realizará ajustes en las secciones de verificacion de entrega para UF (Sección 4.17 PG), en la Gestion y adquisición Predial (Sección 7.1 (f)) PG y en la fórmula de Cálculo de la Retribución señalanda en la Parte Especial. Estas modificaciones se veran reflejadas en la minuta que se publicará con el Pliego de Condiciones Definitivo | F30: Jurídica | G30: respuesta enviada por luz elena el 6 de julio
A31: 2141 | B31: KMA CONSTRUCCIONES S.A.S.,26/05/2020 | C31: SECCION 7.4 (a) (i) Fuerza Mayor Predial SECCION 8.1 (e) Gestión Social y Ambiental SECCION 8.2 (i) Fuerza Mayor por Redes Observación: Frente a los apartes de fuerzas mayores contractuales merece la pena hacer la inclusión de casos especiales en esta materia y extender los tipos de eventos que pueden ser invocados como casos de fuerza mayor. i) Demoras administrativas excesivas ante Entidades encargadas de aspectos prediales por carencia de personal, falta de capacitación de funcionarios y/o contratistas relacionados con temas de infraestructura. ii)Dilaciones en el Traslado de redes de servicios públicos e infraestructura de transporte de hidrocarburos. iii)Consultas previas en proyectos de infraestructura. | D31: Se informa al interesado que su observación es tenida en cuenta parcialmente. La regulación prevista por el Contrato para la Fuerza Mayor Predial y Fuerza Mayor por Redes se considera suficiente y completa dadas las características del Proyecto, si bien en la Fuerza Mayor Predial se incluyen ajustes relativos a los tiempos para declarar el evento de Fuerza Mayor. En cuanto a las demoras admninistrativas estas condiciones ya se encuentran consideradas en la Fuerza Mayor según la definición de la Sección 1.80 la cual es aplicable dentro de los trámites ante las Autoridades Estatales para el cumplimiento del objeto del Contrato. Respecto a las consultas previas se crea la Fuerza Mayor Social que sobre estos eventos y se incluye en la Sección 8,1 (i) de la Parte General. | E31: Contrato Parte General. -CAPÍTULO VII ETAPA PREOPERATIVA - GESTIÓN PREDIAL SECCION 7.4 a) (i) - CAPÍTULO VIII ETAPA PREOPERATIVA - GESTIÓN SOCIAL Y AMBIENTAL, REDES, OTROS SECCION 8.1 ( e ) SECCION 8.2 (i) | F31: Técnica | G31: juan camilo el 3 de septiembre
A32: 2142 | B32: KMA CONSTRUCCIONES S.A.S.,26/05/2020 | C32: "Alcance técnico de la interventoría" Observación: En este caso, es menester ajustar los alcances en las actividades de seguimiento de las interventorías, comoquiera que son quienes efectúan el control y seguimiento a la gran mayoría de aspectos que se han configurado como dificultades en el avance de las obras. Conforme lo anterior, en virtud del artículo 83 de la Ley 1475 DE 2011 se solicita limitar la supervisión y control únicamente en los aspectos técnicos de los proyectos, excluyendo los jurídicos y financieros. | D32: Se aclara al interesado que el alcance del Contrato de Interventoría se encontrará especificamente señalado en el mismo y en él se incluirán las obligaciones pertinentes del Contrato de Concesión, las cuales incluiran la supervision y control integral (técnico, jurídico, financiero, sical, ambiental, etc), lo anterior teniendo en cuenta que de conformidad con el articulo 83 de la Ley 1474 de 2011 la ANI encuentra justificado y acorde a la naturaleza del contrato de concesion, contratar el seguimiento y control integral del proyecto. Por lo anterior no se acepta la observación del interesado | F32: Jurídica | G32: respuesta enviada por luz elena el 28 de agosto
A33: 2143 | B33: KMA CONSTRUCCIONES S.A.S.,26/05/2020 | C33: Capítulo XII Aspectos en materia de Garantías y Mecanismos de Cobertura de Riesgos Observación: Para este aparte, merece la pena una Revisión al clausulado de cara a situaciones como el del COVID-19. Teniendo en cuenta lo anterior, es importante revisar e incluir como garantía las calificaciones que deben acreditar las compañías reaseguradoras que respaldan las garantías que respaldan el proyecto, abriendo así la posibilidad de participación de más compañías reaseguradoras. | D33: La calificación de Reacoex es el mínimo legal que hasta la fecha no ha sido modificado y sigue siendo el requerido para los reaseguros automáticos. Para los reaseguros facultativos se hace una exigencia diferente, como quiera que son colocaciones específicas y sin que necesariamente tengan la tradición de llevar varios años de experiencia en el mercado colombiano de manera sostenida, como suele ocurrir con los reaseguros automáticos. Por este motivo se hace una exigencia de mejor calificación de riesgo. Así las cosas se acepta la observación parcialmente, para dejar establecido que si se trata de un reasegurador con vigencia inferior a dos años en el REACOEX, se exigirá que su nivel de riesgos esté en el siguiente nivel por encima de lo requerido en el REACOEX. | E33: Contrato Parte General. CAPÍTULO XII GARANTÍAS Y MECANISMOS DE COBERTURA DE RIESGOS | F33: Financiera Seguros | G33: respuesta enviada por reina el 04 de julio
A34: 2144 | B34: KMA CONSTRUCCIONES S.A.S.,26/05/2020 | C34: SECCION 3.4 (d) "Si a la Fecha de Terminación de la Etapa de Operación y Mantenimiento el Concesionario no ha obtenido el VPIP, la ANI no reconocerá al Concesionario el saldo no devengado del VPIP y, consecuentemente, la ANI no hará reconocimiento alguno, ni se entenderá que ofrecerá garantía alguna al Concesionario que permita eliminar o mitigar los efectos causados por la no obtención del VPIP, conforme a lo establecido en la Sección 13.2(a)(xviii) de esta Parte General." Observación: Teniendo en cuenta lo anterior, la Entidad no ofrece garantía que mitigue los efectos causados por la no obtención del VPIP, razón por la cual es necesario que se adicione algún tipo de condición para que el concesionario en el evento en que no llegase a alcanzar el VPIP pueda obtener la retribución presentada en la oferta económica. Por tal motivo, solicitamos se incluyan los DR, utilizando la Subcuenta de Excedentes y/o Deposito Especial para los años, 8, 13, 18, y 29. Así mismo, o en su defecto, si no se obtiene el VPIP en los 29 años que se permita la ampliación automática del plazo. Conforme lo anterior, tal requerimiento no solo se tiene para garantizarle al concesionario el monto por el ofertado sino que adicionalmente blindaría garantía adicional a los futuros prestamistas generando así una confianza del sector bancario para el proyecto. | D34: Se informa al interesado que no se acepta su observación. Efectivamente los riesgos de obtención de rentabilidad del negocio, obtención del VPIP y financiación del proyecto están asignados al Concesionario de acuerdo con las secciones 13.2 (xviii), (xxi) y (xxv) de la Parte General del contrato. Sin embargo, la entidad informa que se incluirá el mecanismo de Soporte de Ingresos con el fin de facilitar la financiación del proyecto y se incluye también la compensación por Restricción de Movilidad que minimizan los efectos de la coyuntura actual, modificación que se podrá evidenciar en la minuta que se publicará con Pliegos Definitivos. No obstante la Entidad ha incluido dentro del Contrato Parte General para este proyecto, el mecanismo de Soporte de Ingreso . | E34: Contrato Parte General. CAPÍTULO III ASPECTOS ECONÓMICOS DEL CONTRATO SECCION 3.4 Obtención del VPIP (d) | F34: Financiera | G34: reina el 2 de septiembre
A35: 2145 | B35: KMA CONSTRUCCIONES S.A.S.,26/05/2020 | C35: SECCION 3.14 Cuentas y Subcuentas del Patrimonio Autónomo Observación: Teniendo en cuenta que la ANI es la propietaria de los recursos remanentes en las subcuentas, ¿cuál es la razón del cambio en cuanto a la disposición final de los recursos sobrantes en algunas subcuentas de la fiducia del proyecto, siendo necesario que todos los recursos puedan ser invertidos en el marco de la ejecución del mismo? Conforme lo anterior, no guarda sentido la modificación a la distribución de riesgos previstos en los contratos 4G, y por lo tanto, en el evento en que se generen excedentes de las subcuentas los mismos debería ser compartidos con el concesionario o en su defecto el mayor valor debe ser asumido en su totalidad con la ANI a efecto de tener una relación jurídica más equitativa. | D35: Se informa al interesado que la Entidad realizó ajustes sobre la destinación de los remanentes Predial, Ambiental, y Redes, los cuales serán distribuidos entre la ANI (56%) y el Concesionario (44%) lo cual es consistente con las consideraciones de asignacion de riesgo mencionadas en la observación. Nota: sin perjuicio de lo planteado en esta respuesta, solamente serán vinculantes las regulaciones efectivamente publicadas en los Pliegos del proceso licitatorio. | E35: Contrato Parte General. CAPÍTULO III ASPECTOS ECONÓMICOS DEL CONTRATO SECCION 3.14 Cuentas y Subcuentas del Patrimonio Autónomo | F35: Financiera | G35: reina el 3 de septiembre
A36: 2146 | B36: KMA CONSTRUCCIONES S.A.S.,26/05/2020 | C36: Gestión Social y Ambiental Observación: Surge la inquietud en materia de gestión social y ambiental con respecto a los costos asociados a la gestión y compromisos en relación a si serán usados a través del sistema de bandas. Teniendo en cuenta lo anterior si hay ahorros en la gestión socioambiental respecto del fondeo de la subcuenta ¿podrían usarse en los costos asociados a los compromisos adquiridos con las comunidades por parte del concesionario? ¿Pueden utilizarse para otras consultas previas posteriores a la etapa de preconstrucción? En ese sentido, realizar la modificación pertinente | D36: Se aclara al interesado que respecto al concepto de gestión social y ambiental riesgo asociado alprivado, no aplica el sistema de bandas, toda vez que en ámbitos socioambientales, el mismo es procedente únicamente a la Subcuenta Compensaciones Socioambientales, el cual es compartido entre el público y el privado. Lo anterior está en línea a lo estipulado por el Conpes 3760. De igual manera el uso de los recursos de esta subcuenta (incluyendo posibles remanentes) deberá ser exclusivamente el previsto en el Contrato y sus anexos y por lo tanto no se considera pertinente realizar alguna modificación. | E36: Contrato Parte General. CAPÍTULO VIII ETAPA PREOPERATIVA - GESTIÓN SOCIAL Y AMBIENTAL, REDES, OTROS | F36: Financiera | G36: respuesta enviada por reina el 28 de junio
A37: 2147 | B37: KMA CONSTRUCCIONES S.A.S.,26/05/2020 | C37: Multas y Sanciones Observación: Con relación a este Capítulo no vemos que exista un límite a la imposición de sanciones al concesionario por parte de la ANI. En ese sentido, solicitamos establecer un límite en el Contrato para la imposición de multas y de esta manera que no sea una potestad exorbitante para en contra del Concesionario | D37: Se informa al interesado que tal y como se regula en la parte especial del contrato de concesión, existe un límite de imposición total de multas y sanciones frente a estas ultimas el contrato fija un tope a la pena individualmente considerada a imponer de 1.000 salarios mínimos, existiendo así margen de discrecionalidad en la imposición del valor de esta, determinación que en todos los casos debe consultar los principios de razonabilidad y proporcionalidad de las penas. | E37: Contrato Parte General. CAPÍTULO X SANCIONES Y ESQUEMAS DE APREMIO | F37: Jurídica Sancionatorio | G37: respuesta enviada por luz elena el 6 de julio
A38: 2148 | B38: KMA CONSTRUCCIONES S.A.S.,26/05/2020 | C38: SECCION 10.4 (b) "Este procedimiento se iniciará cuando la ANI o el Interventor verifiquen que existe un incumplimiento que puede llegar a ser generador de una cualquiera de las Multas o Sanciones, y ha transcurrido el Plazo de Cura sin que el Concesionario haya remediado el incumplimiento." Observación: El procedimiento por medio del cual la ANI le informa al concesionario sobre el inicio del periodo de multas ni el procedimiento que tiene el Concesionario para dar contestación no está establecido en el contrato por lo tanto nos surge la inquietud sobre ¿si este periodo inicia una vez vencido el plazo de caro? | D38: se precisa al interesado que el procedimiento para la imposición de Multas se iniciará cuando haya transcurrido el Plazo de Cura sin que el Concesionario haya remediado el incumplimiento, por lo anterior sugerimos respetuosamente revisar de manera integral el Capitulo X del Contrato Parte General, especificamente las secciones 10.2 y 10.4 | E38: Contrato Parte General. CAPÍTULO X SANCIONES Y ESQUEMAS DE APREMIO SECCION 10.4 (b) | F38: Jurídica Sancionatorio | G38: respuesta enviada por luz elena el 28 de agosto
A39: 2149 | B39: KMA CONSTRUCCIONES S.A.S.,26/05/2020 | C39: SECCION 17.2 (iii). “Por una inhabilidad sobreviniente del artículo 9 de la Ley 80 de 1993 y no haya lugar a la Toma de Posesión por parte de los Prestamistas." Observación: Con respecto la inhabilidad sobreviniente y terminación anticipada, sugerimos definir un mecanismo de cesión el cual garantice la continuidad del proyecto y prestación del servicio. | D39: Se aclara al interesado que de acuerdo con lo indicado por la Sección 17.3 de la Parte General, en el evento en que los Prestamistas decidan no continuar con la ejecución del Contrato, la ANI podrá, previa terminación del Contrato, iniciar un nuevo proceso de selección para contratar un nuevo concesionario que continúe con la ejecución del Proyecto, y/o adoptar todas las demás medidas que sean procedentes de conformidad con la Ley Aplicable para garantizar la ejecución del Contrato. De acuerdo con lo anterior, no se considera necesario efectuar la aclaración propuesta. | E39: Contrato Parte General. CAPÍTULO X SECCION 17.2 Causales de Terminación Anticipada del Contrato | F39: Jurídica | G39: respuesta enviada por luz elena el 2 de septiembre
A40: 2150 | B40: KMA CONSTRUCCIONES S.A.S.,26/05/2020 | C40: Apéndice Técnico 6 Numerales 4.1 - 4.4 - Aspectos de la Gestión Ambiental Observación: Conforme al trámite de licencias y permisos ambientales los cuales deben realizarse durante la etapa de pre construcción, sugerimos sea revisado el termino establecido debido a que además de los trámites ya mencionados para el esquema de este Contrato está adicionando trámites para recibir en cesión total las licencias ambientales existentes, obtención de las modificaciones de las licencias y a los permisos ambientales y los pronunciamientos de cambio menor o de giro ordinario. Conforme lo anterior sugerimos adicionar un término aproximado de 8 meses adicionales a los de la etapa de pre construcción. | D40: Se informa al interesado que no se considera procedente extender los plazos. Si bien se requieren trámites de diversa índole que serán definidos en el Plan de Trámites Ambientales, existen Intervenciones que se pueden adelantar con instrumentos ambientales PAGA que permitirán procesos más expeditos para al menos una parte de las obras. | E40: Apéndice Técnico 6 Numeral 4.1. y 4.4 | F40: Técnica | G40: respuesta enviada por juan camilo el 14 de agosto
A41: 2151 | B41: KMA CONSTRUCCIONES S.A.S.,26/05/2020 | C41: Apéndice Técnico 6 Numerales 5.4 Aspectos de la Gestión Social Observación: En relación al cierre ambiental, el Contrato establece el termino de dos (02) meses siguientes a que se concluyan las intervenciones en cada unidad funcional. Conforme lo anterior sugerimos se amplíe dicho término a un tiempo aproximado de doce (12) meses con el fin de cerrar cualquier requerimiento ambiental. | D41: Se contesta la observación en el entendimiento que se refiere a la Sección 5.4 Cierre Ambiental. Se aclara al interesado que los casos en los que haya obligaciones con fechas posteriores a la terminación de las obras se incluyen en la Sección 5.4 (b) por lo que no se considera necesario modificar la redacción. | E41: Apéndice Técnico 6 Numeral 5.4 | F41: Técnica | G41: respuesta enviada por juan camilo el 14 de agosto
